Workbook
Name bbi: #REF!
Name bbiw: [1]Woningen!$G$21
Name bbo: #REF!
Name bbow: [1]Woningen!$G$11
Name bdo: #REF!
Name bdow: [1]Woningen!$G$17
Name bgo: #REF!
Name bgob: [1]Woningen!$G$13
Name BTW: #REF!
Name bvo: #REF!
Name bvow: [1]Woningen!$G$10
Name dg: #REF!
Name Factor_kopgevel: #REF!
Name Factor_kopgevelw: [1]Woningen!$Q$15
Name gd: #REF!
Name gfh: #REF!
Name ob: #REF!
Name od: #REF!
Name og: #REF!
Name tabel: #REF!
Name tabel2: [2]Hoofdbouwdelen!$A$3:$B$45

Sheet Toelichting
B2: Toelichting Bijlage 2 - Prijzenblad MF-TR-KDV
B4: Voor de uitwerking van de gevraagde prijzen dient u gebruik te maken van dit format “Prijzenblad”.
B6: TAB 1: Kosten totaal
B7: Op het werkblad “Kosten totaal” worden alle kosten voor het MJOP, noodzakelijke onderhouds-, beheer- en advieskosten opgenomen per jaar die naar inzicht van Inschrijver nodig zijn om te kunnen voldoen aan alle genoemde (prestatie)eisen in de Offerteaanvraag binnen de gegevens kaders (waaronder het minimum en maximum budget per jaar). De inschrijfprijs (TOTAAL) moet zijn gebaseerd op de aanbodscope van Inschrijver en op alle generieke en specifieke informatie in het totale aanbestedingsdossier. Alles wat nodig is om invulling te geven aan de doelstellingen van de VU en de gebruikersorganisaties moet in de inschrijfprijs zijn inbegrepen. De inschrijfprijs kan op het tabblad "Kosten totaal" worden bijgevoegd. De bedragen in de kolommen Bouwkundig (planmatig) en Installaties (planmatig) worden autiomatisch berekend uit de totaalbedragen in tabblad "3, 5 en 7 MJOP Bouwkundig" en "4, 6 en 8 MJOP Installaties". De bedragen voor niet-planmatige werkzaamheden worden automatisch berekend aan de hand van de ingevulde tarieven in tabblad "2 Uurtarieven". De bedragen voor Vaste kosten beheerorganisatie en Opstellen en actualiseren MJOP en jaarplannen dienen handmatig ingevuld te worden.
B8: TAB 2: Uurtarieven
B9: Op het werkblad "2. Uurtarieven" dienen in de kolommen D12, D13, D15, D16, D17 de uurtarieven ingevuld te worden voor niet-planmatige werkzaamheden. Eenzelfde uurtarief voor de diverse soorten werkzaamheden is uiteraard mogelijk een €0 tarief is niet toegestaan. In de kolommen D26 t/m D29 dienen de opslagpercentages ingevuld te worden bij werkzaamheden buiten kantoortijden. Een opslagpercentage van 0% is hier wel toegestaan. In de kolommen D35 en D37 dienen de opslagpercentages ingevuld te worden voor materiaal bij niet planmatige werkzaamheden of werkzaamheden buiten scope en inzet derden bij werkzaamheden buiten scope. Een opslagpercentage van 0% is toegestaan.
B10: TAB 3, 5 en 7: MJOP Bouwkundig
B11: Inschrijver wordt gevraagd de onderhoudsactiviteiten af te prijzen. Inschrijver mag naar eigen inzicht activiteiten aanpassen, toevoegen, beperken, combineren etc. door middel van het leggen van de link met de prestatieonderhoudsniveaus. Uiteindelijk dient er doelmatig onderhoud gepleegd te worden. De keuzes hierin dienen uitgelegd te worden in het Plan van Aanpak MJOP. De getotaliseerde onderhoudskosten die voor de jaarplannen 2020 t/m 2025 door inschrijver zijn berekend komen vervolgens weer terug in het werkblad “1. Kosten totaal” onderdeel “Bouwkundig Planmatig”.
B12: TAB 4, 6 en 8: MJOP Installaties
B13: Inschrijver wordt gevraagd de onderhoudsactiviteiten af te prijzen. Inschrijver mag naar eigen inzicht activiteiten aanpassen, toevoegen, beperken, combineren etc. door middel van het leggen van de link met de prerstatieonderhoudsniveaus. Uiteindelijk dient er doelmatig onderhoud gepleegd te worden. De keuzes hierin dienen uitgelegd te worden in het Plan van Aanpak MJOP. De getotaliseerde onderhoudskosten die voor de jaarplannen 2020 t/m 2025 door inschrijver zijn berekend komen vervolgens weer terug in het werkblad “1. Kosten totaal” onderdeel “Installaties Planmatig”.

Sheet 1. Kosten totaal
B1: Vaste kosten per jaar
C3: Uitleg:
C4: Prijspeil 2020, vervolgjaren mogen in overleg en na goedkeuring van VGB worden geindexeerd.
B6: Omschrijving | E6: Bijzonderheden, opmerkingen of toelichting
F7: 2020 | G7: 2021 | H7: 2022 | I7: 2023 | J7: 2024 | K7: 2025 | L7: TOTAAL
F8: excl. BTW | G8: excl. BTW | H8: excl. BTW | I8: excl. BTW | J8: excl. BTW | K8: excl. BTW | L8: excl. BTW
C9: NEN-EN 15221
B10: 1. | C10: Medische Faculteit Bouwkundig
C11: Planmatig | E11: Bedrag uit MJOP | F11: ='3. MF-Bouwkundig'!N167 -> 0 | G11: ='3. MF-Bouwkundig'!O167 -> 0 | H11: ='3. MF-Bouwkundig'!P167 -> 0 | I11: ='3. MF-Bouwkundig'!Q167 -> 0 | J11: ='3. MF-Bouwkundig'!R167 -> 0 | K11: ='3. MF-Bouwkundig'!S167 -> 0 | L11: =SUM(F11:K11) -> 0
C12: Niet-planmatig | E12: O.b.v. aantal uren | F12: ='2. Uurtarieven'!$G$14*'2. Uurtarieven'!$D$14 -> 0 | G12: ='2. Uurtarieven'!$G$14*'2. Uurtarieven'!$D$14 -> 0 | H12: ='2. Uurtarieven'!$G$14*'2. Uurtarieven'!$D$14 -> 0 | I12: ='2. Uurtarieven'!$G$14*'2. Uurtarieven'!$D$14 -> 0 | J12: ='2. Uurtarieven'!$G$14*'2. Uurtarieven'!$D$14 -> 0 | K12: ='2. Uurtarieven'!$G$14*'2. Uurtarieven'!$D$14 -> 0 | L12: =SUM(F12:K12) -> 0
B13: 2. | C13: Medische Faculteit Installaties
C14: Planmatig | E14: Bedrag uit MJOP | F14: ='4. MF-Installaties'!V654 -> 0 | G14: ='4. MF-Installaties'!W654 -> 0 | H14: ='4. MF-Installaties'!X654 -> 0 | I14: ='4. MF-Installaties'!Y654 -> 0 | J14: ='4. MF-Installaties'!Z654 -> 0 | K14: ='4. MF-Installaties'!AA654 -> 0 | L14: =SUM(F14:K14) -> 0
C15: Niet-planmatig | E15: O.b.v. aantal uren | F15: ='2. Uurtarieven'!$G$18*'2. Uurtarieven'!$D$18 -> 0 | G15: ='2. Uurtarieven'!$G$18*'2. Uurtarieven'!$D$18 -> 0 | H15: ='2. Uurtarieven'!$G$18*'2. Uurtarieven'!$D$18 -> 0 | I15: ='2. Uurtarieven'!$G$18*'2. Uurtarieven'!$D$18 -> 0 | J15: ='2. Uurtarieven'!$G$18*'2. Uurtarieven'!$D$18 -> 0 | K15: ='2. Uurtarieven'!$G$18*'2. Uurtarieven'!$D$18 -> 0 | L15: =SUM(F15:K15) -> 0
C16: Totaal MF (maximaal € 162.500,- per jaar) | F16: =SUM(F11:F15) -> 0 | G16: =SUM(G11:G15) -> 0 | H16: =SUM(H11:H15) -> 0 | I16: =SUM(I11:I15) -> 0 | J16: =SUM(J11:J15) -> 0 | K16: =SUM(K11:K15) -> 0 | O16: =162.5+65+12.5 -> 240
B18: 3. | C18: Transitorium Bouwkundig
C19: Planmatig | E19: Bedrag uit MJOP | F19: ='5. TR-Bouwkundig'!M169 -> 0 | G19: ='5. TR-Bouwkundig'!N169 -> 0 | H19: ='5. TR-Bouwkundig'!O169 -> 0 | I19: ='5. TR-Bouwkundig'!P169 -> 0 | J19: ='5. TR-Bouwkundig'!Q169 -> 0 | K19: ='5. TR-Bouwkundig'!R169 -> 0 | L19: =SUM(F19:K19) -> 0
C20: Niet-planmatig | E20: O.b.v. aantal uren | F20: ='2. Uurtarieven'!$I$14*'2. Uurtarieven'!$D$14 -> 0 | G20: ='2. Uurtarieven'!$I$14*'2. Uurtarieven'!$D$14 -> 0 | H20: ='2. Uurtarieven'!$I$14*'2. Uurtarieven'!$D$14 -> 0 | I20: ='2. Uurtarieven'!$I$14*'2. Uurtarieven'!$D$14 -> 0 | J20: ='2. Uurtarieven'!$I$14*'2. Uurtarieven'!$D$14 -> 0 | K20: ='2. Uurtarieven'!$I$14*'2. Uurtarieven'!$D$14 -> 0 | L20: =SUM(F20:K20) -> 0
B21: 4. | C21: Transitorium Installaties
C22: Planmatig | E22: Bedrag uit MJOP | F22: ='6. TR-Installaties'!V192 -> 0 | G22: ='6. TR-Installaties'!W192 -> 0 | H22: ='6. TR-Installaties'!X192 -> 0 | I22: ='6. TR-Installaties'!Y192 -> 0 | J22: ='6. TR-Installaties'!Z192 -> 0 | K22: ='6. TR-Installaties'!AA192 -> 0 | L22: =SUM(F22:K22) -> 0
C23: Niet-planmatig | E23: O.b.v. aantal uren | F23: ='2. Uurtarieven'!$I$18*'2. Uurtarieven'!$D$18 -> 0 | G23: ='2. Uurtarieven'!$I$18*'2. Uurtarieven'!$D$18 -> 0 | H23: ='2. Uurtarieven'!$I$18*'2. Uurtarieven'!$D$18 -> 0 | I23: ='2. Uurtarieven'!$I$18*'2. Uurtarieven'!$D$18 -> 0 | J23: ='2. Uurtarieven'!$I$18*'2. Uurtarieven'!$D$18 -> 0 | K23: ='2. Uurtarieven'!$I$18*'2. Uurtarieven'!$D$18 -> 0 | L23: =SUM(F23:K23) -> 0
C24: Totaal Transitorium (maximaal € 65.000,- per jaar) | F24: =SUM(F19:F23) -> 0 | G24: =SUM(G19:G23) -> 0 | H24: =SUM(H19:H23) -> 0 | I24: =SUM(I19:I23) -> 0 | J24: =SUM(J19:J23) -> 0 | K24: =SUM(K19:K23) -> 0
B26: 5. | C26: Kinderdagverblijf Bouwkundig
C27: Planmatig | E27: Bedrag uit MJOP | F27: ='7. KDV-Bouwkundig'!N91 -> 0 | G27: ='7. KDV-Bouwkundig'!O91 -> 0 | H27: ='7. KDV-Bouwkundig'!P91 -> 0 | I27: ='7. KDV-Bouwkundig'!Q91 -> 0 | J27: ='7. KDV-Bouwkundig'!R91 -> 0 | K27: ='7. KDV-Bouwkundig'!S91 -> 0 | L27: =SUM(F27:K27) -> 0
C28: Niet-planmatig | E28: O.b.v. aantal uren | F28: ='2. Uurtarieven'!$K$14*'2. Uurtarieven'!$D$14 -> 0 | G28: ='2. Uurtarieven'!$K$14*'2. Uurtarieven'!$D$14 -> 0 | H28: ='2. Uurtarieven'!$K$14*'2. Uurtarieven'!$D$14 -> 0 | I28: ='2. Uurtarieven'!$K$14*'2. Uurtarieven'!$D$14 -> 0 | J28: ='2. Uurtarieven'!$K$14*'2. Uurtarieven'!$D$14 -> 0 | K28: ='2. Uurtarieven'!$K$14*'2. Uurtarieven'!$D$14 -> 0 | L28: =SUM(F28:K28) -> 0
B29: 6. | C29: Kinderdagverblijf Installaties
C30: Planmatig | E30: Bedrag uit MJOP | F30: ='8. KDV-Installaties'!V67 -> 0 | G30: ='8. KDV-Installaties'!W67 -> 0 | H30: ='8. KDV-Installaties'!X67 -> 0 | I30: ='8. KDV-Installaties'!Y67 -> 0 | J30: ='8. KDV-Installaties'!Z67 -> 0 | K30: ='8. KDV-Installaties'!AA67 -> 0 | L30: =SUM(F30:K30) -> 0
C31: Niet-planmatig | E31: O.b.v. aantal uren | F31: ='2. Uurtarieven'!$K$18*'2. Uurtarieven'!$D$18 -> 0 | G31: ='2. Uurtarieven'!$K$18*'2. Uurtarieven'!$D$18 -> 0 | H31: ='2. Uurtarieven'!$K$18*'2. Uurtarieven'!$D$18 -> 0 | I31: ='2. Uurtarieven'!$K$18*'2. Uurtarieven'!$D$18 -> 0 | J31: ='2. Uurtarieven'!$K$18*'2. Uurtarieven'!$D$18 -> 0 | K31: ='2. Uurtarieven'!$K$18*'2. Uurtarieven'!$D$18 -> 0 | L31: =SUM(F31:K31) -> 0
C32: Totaal Kinderdagverblijf (maximaal € 12.500,- per jaar) | F32: =SUM(F27:F31) -> 0 | G32: =SUM(G27:G31) -> 0 | H32: =SUM(H27:H31) -> 0 | I32: =SUM(I27:I31) -> 0 | J32: =SUM(J27:J31) -> 0 | K32: =SUM(K27:K31) -> 0
B34: 7 | C34: Vaste kosten beheer organisatie | L34: =SUM(F34:K34) -> 0
B35: 8 | C35: Opstellen en actualiseren MJOP & jaarplannen | L35: =SUM(F35:K35) -> 0
C37: TOTAAL INSCHRIJFPRIJS onderhoud (maximaal € 240.000,- per jaar) | F37: =SUM(F11+F12+F14+F15+F19+F20+F22+F23+F27+F28+F30+F31+F34+F35) -> 0 | G37: =SUM(G11+G12+G14+G15+G19+G20+G22+G23+G27+G28+G30+G31+G34+G35) -> 0 | H37: =SUM(H11+H12+H14+H15+H19+H20+H22+H23+H27+H28+H30+H31+H34+H35) -> 0 | I37: =SUM(I11+I12+I14+I15+I19+I20+I22+I23+I27+I28+I30+I31+I34+I35) -> 0 | J37: =SUM(J11+J12+J14+J15+J19+J20+J22+J23+J27+J28+J30+J31+J34+J35) -> 0 | K37: =SUM(K11+K12+K14+K15+K19+K20+K22+K23+K27+K28+K30+K31+K34+K35) -> 0 | L37: =SUM(F37:K37) -> 0
B39: 9 | C39: Extra benodigd budget voor realiseren gewenste kwaliteitsniveau o.b.v. beleidsparameters | F39: 0 | G39: 0 | H39: 0 | I39: 0 | J39: 0 | K39: 0 | L39: =SUM(F39:K39) -> 0
C42: TOTAAL vergelijkingswaarde (minimaal € 250.000 en maximaal € 350.000 per jaar) | F42: =F37+F39 -> 0 | G42: =G37+G39 -> 0 | H42: =H37+H39 -> 0 | I42: =I37+I39 -> 0 | J42: =J37+J39 -> 0 | K42: =K37+K39 -> 0 | L42: =SUM(F42:K42) -> 0

Sheet 2. Uurtarieven
B1: Overzicht uurtarieven en opslagpercentages
B3: Uitleg:
B4: De kosten voor regiewerkzaamheden kunnen per geval, na akkoord en opdracht door VGB, in rekening worden gebracht. Voor het uitvoeren van deze werkzaamheden geldt één uurtarief per aard van de werkzaamheden. Dit tarief dient per aard van de werkzaamheden loonkosten, reis- en verblijfkosten, algemene bedrijfskosten, winst en risico, een monteur, servicemonteur, werkvoorbereider, projectleider, etc. inclusief sociale lasten, te zijn opgebouwd.
B5: De leverancier is gehouden om VGB inzicht te geven in haar berekening van de integrale kostprijs van regiewerkzaamheden.
B7: Uurtarieven, prijspeil 2020, voor vervolg jaren mag in overleg met VGB geïndexeerd worden.
B9: Aard van de werkzaamheden | D9: Uurtarief in € | G9: Medische faculteit | I9: Transitorium | K9: KDV
D10: excl. BTW | G10: Uren | H10: Totaal per jaar | I10: Uren | J10: Totaal per jaar | K10: Uren | L10: Totaal per jaar
B11: 5
B12: B | C12: Bouwkundige werkzaamheden | D12: 0 | G12: 90 | H12: =G12*$D$12 -> 0 | I12: 30 | J12: =I12*$D$12 -> 0 | K12: 2 | L12: =K12*$D$12 -> 0
B13: B | C13: Schilderwerk | D13: 0 | G13: 10 | H13: =G13*$D$13 -> 0 | I13: 3 | J13: =I13*$D$13 -> 0 | K13: 0 | L13: =K13*$D$13 -> 0
C14: Gemiddeld uurtarief Bouw | D14: =AVERAGE(D12:D13) -> 0 | G14: 100 | H14: =SUM(H12:H13) -> 0 | I14: =I12+I13 -> 33 | J14: =SUM(J12:J13) -> 0 | K14: =K12+K13 -> 2 | L14: =SUM(L12:L13) -> 0
B15: I | C15: Loodgieterswerkzaamheden | D15: 0 | G15: 380 | H15: =G15*$D$15 -> 0 | I15: 128 | J15: =I15*$D$15 -> 0 | K15: 5 | L15: =K15*$D$15 -> 0
B16: I | C16: Werktuigbouwkundig installatiewerk | D16: 0 | G16: 380 | H16: =G16*$D$16 -> 0 | I16: 128 | J16: =I16*$D$16 -> 0 | K16: 5 | L16: =K16*$D$16 -> 0
B17: I | C17: Elektra installatiewerk | D17: 0 | G17: 380 | H17: =G17*$D$17 -> 0 | I17: 128 | J17: =I17*$D$17 -> 0 | K17: 5 | L17: =K17*$D$17 -> 0
C18: Gemiddeld uurtarief Installaties | D18: =AVERAGE(D15:D17) -> 0 | G18: =SUM(G15:G17) -> 1140 | H18: =SUM(H15:H17) -> 0 | I18: =I15+I16+I17 -> 384 | J18: =SUM(J15:J17) -> 0 | K18: =K15+K16+K17 -> 15 | L18: =SUM(L15:L17) -> 0
C19: Gemiddeld uurtarief totaal | D19: =AVERAGE(D14,D18) -> 0 | G19: =G14+G18 -> 1240 | H19: =H14+H18 -> 0 | I19: =I14+I18 -> 417 | J19: =J14+J18 -> 0 | K19: =K14+K18 -> 17 | L19: =L14+L18 -> 0
B21: Opslagpercentages
B23: Opslagpercentages voor werkzaamheden buiten de reguliere werktijden
D24: %
C26: Op werkdagen van 18.00 tot 23.00 uur
C27: Op werkdagen van 23.00 tot 07.30 uur
C28: Op zaterdagen van 07.30 tot 24.00 uur
C29: Op zon- en/of national erkende feestdagen van 00.00 tot 24.00 uur
D30: =AVERAGE(D26:D29) -> #DIV/0!
B32: Opslagpercentages materiaal en inzet derden
D33: %
C35: Materiaal Deze opslag mag alleen worden toegepast bij materialen buiten de initiële scope van het contract. Er wordt een dekkingsopslag gerekend over de netto kosten (lees: factuur excl. BTW) van de verbruikte of geleverde materialen. Materialen die buiten deze bedoelde scope vallen hebben betrekking op onderstaande situaties: - Correctief Onderhoud waar materialen voor gebruikt zijn of noodzakelijke vervanging van onderdelen of installatiecomponenten; - Verzoeken die op nacalculatie verrekend worden waar materialen verbruikt zijn of waar een verzoek tot levering gedaan is; - Aanvullende Werkzaamheden waar materialen voor nodig zijn op verzoek van VU of waar vooraf een prijsafspraak (offerte) voor gemaakt is. Er geldt een maximum van 12,5%
C37: Inzet derden Deze opslag mag alleen worden toegepast bij werkzaamheden buiten de initiële scope van het contract of indien er een onderaannemer op verzoek van de VU wordt ingeschakeld. Er wordt een dekkingsopslag gerekend over de netto kosten (lees: factuur excl. BTW) van de ingeschakelde derde. Werkzaamheden die buiten deze bedoelde scope vallen zijn: - Correctief Onderhoud waar een externe specialist voor nodig is en dus werkzaamheden die niet door de eigen technici van Opdrachtnemer uitgevoerd kunnen worden; - Verzoeken die op nacalculatie verrekend worden waar een externe specialist voor nodig is en dus werkzaamheden die niet door de eigen technici van Opdrachtgever uitgevoerd kunnen worden; - Aanvullende Werkzaamheden op verzoek van VU waar vooraf een prijsafspraak (offerte) voor gemaakt is. Er geldt een maximum van 12,5%

Sheet 3. MF-Bouwkundig
A2: ASSETLIJST VU MEDISCHE FACULTEIT - BOUWKUNDIG
A4: BVO: | B4: 44618
A5: Object: | B5: Medische Faculteit
A6: Bouwlagen | B6: 8 stuks
A7: Datum | B7: 43563
A8: Bouwjaar | B8: 1971
L9: Inschrijver mag naar eigen inzicht activiteiten aanpassen, door middel van het leggen van de link met de prerstatieonderhoudsniveaus. Uiteindelijk dient er doelmatig onderhoud gepleegd te worden. De keuzes hierin dienen uitgelegd te worden in het Plan van Aanpak MJOP.
A12: NL/Sfb code | B12: Omschrijving | C12: Bouwdeel gegevens | D12: Aantal | E12: Eenheid | F12: Discipline | G12: Gebrek | H12: Intensiteit | I12: Omvang | J12: Cvo | K12: Startjaar 2020 | L12: Activiteit | M12: Opmerking | N12: Prijs | T12: Totaal
N13: 2020 | O13: 2021 | P13: 2022 | Q13: 2023 | R13: 2024 | S13: 2025 | T13: 6 jaar
A14: 1- | C14: Bouwkundig
B15: Alg. en Bouwk. incidenteel periodiek onderhoud | C15: Reservering algemeen periodiek onderhoud | D15: 44618 | E15: m2BVO
B16: Alg. periodiek incidenteel OH WET en regelinstall. | C16: Reservering incidenteel en periodiek onderhoud | D16: 44618 | E16: m2BVO
A17: 17 | B17: PAALFUNDERING
A18: 172002 | B18: Paalfundering geheid; beton | C18: Fundering onbekend | D18: 1 | E18: pm | F18: B | J18: 2
A19: 21 | B19: BUITENWANDEN
A20: 212003 | B20: Buitenwanden, constructief; metselwerk | C20: Gevelmetselwerk | D20: 3564 | E20: m2 | F20: B | G20: Scheurvorming / beschadigingen | H20: 3 | I20: 1 | J20: 1 | K20: x
F21: B | G21: Vervuiling | H21: 2 | I21: 4 | J21: 2
A22: 22 | B22: BINNENWANDEN
A23: 221021 | B23: Binnenwand systeem | C23: Systeemwand | D23: 294 | E23: m2 | F23: B | J23: 1
A24: 221003 | B24: Binnenwand metsewlerk | C24: Metselwerk wanden | D24: 1 | E24: pm | F24: B | G24: Scheurvorming | H24: 3 | I24: 1 | J24: 1 | K24: x
A25: 23 | B25: VLOEREN
A26: 232002 | B26: Vloeren constructief; beton | C26: Vloerafwerking betonnen buitenvloer | D26: 786 | E26: m2 | F26: B | J26: 1
C27: Vloer beton | D27: 1236 | E27: m2 | F27: B | G27: Wapening manco tpv entree zijgevel (parkeerplaats) | H27: 3 | I27: 1 | J27: 2 | K27: x
C28: Vloer (banden) beton | D28: 625 | E28: m2 | F28: B | G28: Betonschade tpv vloer (banden) stalen roosters zijgevels | H28: 3 | I28: 1 | J28: 2 | K28: x
A29: 232005 | B29: Vloeren constructief; staal | C29: Stalen roostervloer | D29: 269 | E29: m2 | F29: B | G29: Verwering | H29: 2 | I29: 4 | J29: 3
A30: 24 | B30: TRAPPEN EN HELLINGEN
A31: 241001 | B31: Trappen; hout | C31: Binnentrappen hout | D31: 2 | E31: st | F31: B | J31: 1
A32: 241002 | B32: Trappen; beton | C32: Buitentrappen beton vzv natuursteen | D32: 1 | E32: st | F32: B | G32: Beschadigingen | H32: 3 | I32: 2 | J32: 2 | K32: x
C33: Binnentrappen beton | D33: 20 | E33: st | F33: B | J33: 1
C34: Binnentrappen beton vzv natuursteen | D34: 79 | E34: st | F34: B | G34: Beschadigingen | H34: 3 | I34: 1 | J34: 1
A35: 241005 | B35: Trappen; staal | C35: Buitentrappen staal | D35: 4 | E35: st | F35: B | G35: Veroudering / Corrosie bordes (oppervlakte corrosie treden) | H35: 2 | I35: 5 | J35: 4 | K35: x
C36: Binnentrappen staal vzv houten treden | D36: 6 | E36: st | F36: B | J36: 1
A37: 28 | B37: HOOFDDRAAGCONSTRUCTIES
A38: 281002 | B38: Kolommen en liggers beton | C38: Betonnen komommen (4375m1=5148m2) en liggers (2274m1=1820m2); buiten (uitgeslagen oppervlak) | D38: 6968 | E38: m2 | F38: B | G38: Wapening manco, Beschadigingen/scheurvorming | H38: 3 | I38: 1 | J38: 2 | K38: x
A39: 31 | B39: BUITENWANDOPENINGEN
A40: 314001 | B40: Buitenkozijnwerk; hout / staal (combi kozijnen) | C40: Houten buitenkozijnen voorzien van dekkend schilderwerk | D40: 9998 | E40: m2 | F40: B | G40: Beschadigingen | H40: 3 | I40: 1 | J40: 1
A41: 314005 | B41: Buitenkozijnwerk; staal (transformatordeuren ed) | C41: Stalen buitenkozijnen voorzien van dekkend schilderwerk | D41: 97 | E41: m2 | F41: B | G41: Verwering / veroudering | H41: 2 | I41: 4 | J41: 3
A42: 314101 | B42: Ramen; hout | C42: Houten ramen voorzien van dekkend schilderwerk | D42: 470 | E42: st | F42: B | G42: Hang- en sluitwerk manco | H42: 2 | I42: 3 | J42: 2 | K42: x
A43: 314105 | B43: Ramen; staal | C43: Stalen ramen voorzien van dekkend schilderwerk | D43: 1544 | E43: st | F43: B | G43: Hang- en sluitwerk manco | H43: 2 | I43: 3 | J43: 2 | K43: x
A44: 314201 | B44: Deuren; hout | C44: Houten buitendeuren voorzien van dekkend schilderwerk | D44: 6 | E44: st | F44: B | G44: Hang- en sluitwerk manco | H44: 2 | I44: 3 | J44: 2 | K44: x
A45: 314205 | B45: Deuren; staal | C45: Stalen deuren vzv dekkend schilderwerk | D45: 82 | E45: st | F45: B | G45: Hang- en sluitwerk manco | H45: 2 | I45: 3 | J45: 2 | K45: x
A46: 315001 | B46: Panelen hout | C46: Houten panelen voorzien van dekkend schilderwerk | D46: 1364 | E46: m2 | F46: B | J46: 1
A47: 315005 | B47: Panelen staal | C47: Stalen panelen voorzien van dekkend schilderwerk | D47: 1459 | E47: m2 | F47: B | G47: Deuken en lichte corrosie geconstateerd | H47: 3 | I47: 2 | J47: 3 | K47: x
A48: 315005 | C48: Stalen roosters voorzien van dekkend schilderwerk | D48: 59 | E48: m2 | F48: B | G48: Verwering / Corrosie (vervuiling) | H48: 3 | I48: 3 | J48: 4 | K48: x
A49: 315500 | B49: Beglazing; algemeen | C49: Beglazing dubbel | D49: 1422 | E49: m2 | F49: B | G49: Etsing glas | H49: 3 | I49: 1 | J49: 1
A50: 315500 | C50: Kitvoegen tpv enkele beglazing | D50: 14782 | E50: m1 | F50: B | G50: Verharding en vervuiling kiwerk | H50: 2 | I50: 3 | J50: 2 | K50: x
A51: 315501 | B51: Beglazing | C51: Beglazing enkel | D51: 4265 | E51: m2 | F51: B | G51: Etsing glas | H51: 3 | I51: 1 | J51: 1
A52: 315501 | C52: Beglazing kunststof | D52: 53 | E52: m2 | F52: B | J52: 1
A53: 316001 | B53: buitendeuren; bijzondere deuren | C53: Automatische schifdeuren BG B WDL A Buiten Boon(MF A000A) | D53: 1 | E53: st | F53: B | G53: Veroudering / slijtage | H53: 2 | I53: 5 | J53: 4
C54: Automische deur BG BWDL A Circlelock Buiten Boon (MF A000A) | D54: 1 | E54: st | F54: B | G54: Veroudering / slijtage | H54: 2 | I54: 5 | J54: 4
C55: Automatische tourniquet BG Awest buiten Boon (MF A000A) | D55: 1 | E55: st | F55: B | G55: Veroudering / slijtage | H55: 2 | I55: 5 | J55: 4
C56: Automatische tourniquet BG A oost buiten Boon (MF A000A) | D56: 1 | E56: st | F56: B | G56: Veroudering / slijtage | H56: 2 | I56: 5 | J56: 4
C57: Autom draaideur goederenontvangst 2/2; Tormax (MF-DK00) | D57: 1 | E57: st | F57: B | G57: Veroudering / slijtage | H57: 2 | I57: 5 | J57: 4
C58: Automat. TDM Tormax (MFDK00) | D58: 1 | E58: st | F58: B | G58: Veroudering / slijtage | H58: 2 | I58: 5 | J58: 4
C59: Automat schuifdeur afrit mortuarium MF-EK06) | D59: 1 | E59: st | F59: B | G59: Veroudering / slijtage | H59: 2 | I59: 5 | J59: 4
A60: 318791 | B60: Buitenjaloezieën elektrisch | C60: Zonwering aluminium jaloezieën, elektrisch 795st=1749m1 | D60: 1749 | E60: m1 | F60: B | G60: Verwering | H60: 2 | I60: 4 | J60: 3
G61: Plaatselijk losse geleiders | H61: 3 | I61: 2 | J61: 2 | K61: x
A62: 32 | B62: BINNENWANDOPENINGEN
A63: 324001 | B63: Binnenkozijnen; hout | C63: Houten binnenkozijnen voorzien van dekkend schilderwerk | D63: 959 | E63: m2 | F63: B | G63: Beschadigingen | H63: 3 | I63: 1 | J63: 1
A64: 324005 | B64: Binnenkozijnen; staal | C64: Stalen binnenkozijnen voorzien van dekkend schilderwerk | D64: 4087 | E64: m2 | F64: B | G64: Beschadigingen | H64: 3 | I64: 2 | J64: 2
A65: 324006 | B65: Binnenkozijnen; aluminium | C65: Aluminium binnenkozijnen voorzien van dekkend schilderwerk | D65: 1315 | E65: m2 | F65: B | G65: Beschadigingen | H65: 3 | I65: 1 | J65: 1
A66: 320000 | B66: binnendeuren; bijzondere deuren | C66: Autom. Schuifdeur BG BWDL A Binnen - MF-A000 | D66: 1 | E66: st | F66: B | G66: Veroudering / slijtage | H66: 2 | I66: 5 | J66: 4 | K66: x
C67: Automatische schuifdeur keuken bij G025 (TORMAX) - MF-D0 | D67: 1 | E67: st | F67: B | J67: 1 | K67: x
C68: Automatische schuifdeur tuss (H000 + H000D) (TORMAX) - MF-D0 | D68: 1 | E68: st | F68: B | G68: Veroudering / slijtage | H68: 2 | I68: 5 | J68: 4 | K68: x
C69: Automatische schuifdeur bwdl G fietsenkelder (TORMAX) - MF-D0 | D69: 1 | E69: st | F69: B | G69: Veroudering / slijtage | H69: 2 | I69: 5 | J69: 4 | K69: x
C70: Automatische deuropener keuk + gang (3st) - MF-D0 | D70: 3 | E70: st | F70: B | J70: 1
C71: Automatische schuifdeur DK00C bij tel. Centrale | D71: 1 | E71: st | F71: B | G71: Veroudering / slijtage | H71: 2 | I71: 5 | J71: 4 | K71: x
A72: 324201 | B72: Binnendeuren; hout | C72: Houten binnendeuren voorzien van dekkend schilderwerk | D72: 1073 | E72: st | F72: B | G72: Beschadigingen en hang en sluitwerk manco | H72: 3 | I72: 2 | J72: 2 | K72: x
A73: 324205 | B73: Binnendeuren; staal | C73: Stalen binnendeuren voorzien van dekkend schilderwerk | D73: 93 | E73: st | F73: B | G73: Scheuren / beschadigingen | H73: 3 | I73: 1 | J73: 1 | K73: x
A74: 324206 | B74: Binnendeuren; aluminium | C74: Brandwerende schuifdeuren (Keuk + Dzijde, Keuk + Ezijd) Tormax - MF-D0 | D74: 2 | E74: st | F74: B | G74: Beschadigingen en hang en sluitwerk manco | H74: 3 | I74: 2 | J74: 2 | K74: x
C75: Automatische deuropener keuk + gang/D043 en G012- MF-D0 | D75: 2 | E75: st | F75: B
C76: Alumnium deuren | D76: 261 | E76: st | F76: B
C77: Automatische deuropener keuk + D043/G012- MF-D0 | D77: 1 | E77: st | F77: B
A78: 34 | B78: BALUSTRADES EN LEUNINGEN
A79: 341005 | B79: Balustrades; buiten | C79: Balustrade staal voorzien van dekkend schilderwerk | D79: 265 | E79: m2 | F79: B | G79: Verwering | H79: 1 | I79: 4 | J79: 2
A80: 341501 | B80: Balustrades; hout ; binnen | C80: Balustrade hout voorzien van blanke lak | D80: 20 | E80: m2 | F80: B | J80: 1
A81: 341505 | B81: Balustrades; staal ; binnen | C81: Balustrade staal voorzien van dekkend schilderwerk | D81: 485 | E81: m2 | F81: B | G81: Mechanische beschadigingen | H81: 3 | I81: 2 | J81: 2
C82: Hekwerk staal (fietsenstalling) | D82: 74 | E82: m2 | F82: B | J82: 1
A83: 342505 | B83: Leuningen; staal; binnen | C83: Stalen leuning voorzien van dekkend schilderwerk | D83: 277 | E83: m1 | F83: B | G83: Mechanische beschadigingen | H83: 3 | I83: 2 | J83: 2
A84: 37 | B84: DAKOPENINGEN
A85: 372011 | B85: Lichtkoepels | C85: Kunststof lichtkoepels | D85: 4 | E85: st | F85: B | G85: Verwering | H85: 2 | I85: 4 | J85: 3
A86: 41 | B86: BUITENWANDAFWERKI NGEN
A87: 411029 | B87: Gevelafwerkingen; voegwerk | C87: Voegwerk (1967) | D87: 3053 | E87: m2 | F87: B | G87: Verzanding (verwering) | H87: 2 | I87: 4 | J87: 3
A88: 411029 | B88: Gevelafwerkingen; voegwerk | C88: Voegwerk (1988) | D88: 511 | E88: m2 | F88: B | G88: Verzanding (verwering) | H88: 2 | I88: 4 | J88: 3
A89: 411005 | B89: Buitenwandafwerking staal | C89: Geprofileerde stalen beplating (dakopbouw) | D89: 367 | E89: m2 | F89: B | G89: Verwering | H89: 1 | I89: 4 | J89: 2
F90: B | G90: Vervuiling/Algaanslag | H90: 2 | I90: 4 | J90: 2
F91: B | G91: Corrosie bevestigers | H91: 3 | I91: 1 | J91: 1 | K91: x
A92: 411061 | B92: Buitenwandafwerking dilatatie | C92: Kitvoegen tpv betonelementen 648m1, Dilatatie kitvoeg 79m1 | D92: 727 | E92: m1 | F92: B | G92: Verwering | H92: 2 | I92: 5 | J92: 4 | K92: x
A93: 42 | B93: BINNENWANDAFWERKINGEN
A94: 421001 | B94: Binnenwandafwerking; hout | C94: Bamboe wandafwerking | D94: 173 | E94: m2 | F94: B | J94: 1
B95: Binnenwandafwerking; hout | C95: Houten wanden vzv sw | D95: 42 | E95: m2 | F95: B | J95: 1
B96: Binnenwandafwerking; hout | C96: Akoestische wandafwerking (collegezaal) | D96: 94 | E96: m2 | F96: B | J96: 1
A97: 421009 | B97: Binnenwandafwerking; kunststof | C97: Kunststof wandafwerking (collegezaal) | D97: 56 | E97: m2 | F97: B | J97: 1
A98: 420000 | B98: Binnenwandafwerking; glas | C98: Gelaagd glas in aluminium frame | D98: 614 | E98: m2 | F98: B | J98: 1
A99: 421012 | B99: Binnenwandafwerking; keramisch tegelwerk | C99: Keramisch wandtegelwerk | D99: 2673 | E99: m2 | F99: B | G99: Veroudering (craquelé. Beschadigingen en onthechting) BETREFT NIET GERENOVEERDE VERDIEPINGSVLEUGELS | H99: 3 | I99: 2 | J99: 2
A100: 43 | B100: VLOERAFWERKINGEN
A101: 431020 | B101: Vloerafwerking; coating; buiten | C101: Coating op balkonvloer beton | D101: 316 | E101: m2 | F101: B | G101: Slijtage (vervuiling) | H101: 2 | I101: 5 | J101: 4 | K101: x
A102: 432002 | B102: Vloerafwerkingen; betonvloer; binnen | C102: Betonvloer | D102: 2135 | E102: m2 | F102: B | J102: 1
A103: 432002 | B103: Vloerafwerking beton | C103: Betontegels binnen (fietsenstalling) | D103: 313 | E103: m2 | F103: B | J103: 1
A104: 432011 | B104: Vloerafwerkingen; Natuursteen tegelwerk; binnen | C104: Natuursteen | D104: 938 | E104: m2 | F104: B | G104: Beschadigingen | H104: 3 | I104: 2 | J104: 2
...

Sheet 4. MF-Installaties
A2: ASSETLIJST VU MEDISCHE FACULTEIT - INSTALLATIES
A4: BVO: | B4: 44618
A5: Object: | B5: Medische Faculteit
A6: Bouwlagen | B6: 8 stuks
A7: Datum | B7: 43563
A8: Bouwjaar | B8: 1971
T9: Inschrijver mag naar eigen inzicht activiteiten aanpassen, door middel van het leggen van de link met de prerstatieonderhoudsniveaus. Uiteindelijk dient er doelmatig onderhoud gepleegd te worden. De keuzes hierin dienen uitgelegd te worden in het Plan van Aanpak MJOP.
A12: NL/Sfb code | B12: Huurder(H) | C12: Omschrijving | D12: TECHNISCHE STICKER | E12: Installatie gegevens | F12: Aantal | G12: Eenheid | H12: Bouwjaar | I12: Verdieping | J12: Ruimtenummer | K12: capaciteit | L12: eenheid | M12: Cyclus | N12: Discipline | O12: Gebrek | P12: Intensiteit | Q12: Omvang | R12: Cvo | S12: Startjaar 2020 | T12: Activiteit | U12: Opmerking | V12: Prijs | AB12: Totaal
B13: Verhuurder(V) | M13: bouwdeel | V13: 2020 | W13: 2021 | X13: 2022 | Y13: 2023 | Z13: 2024 | AA13: 2025 | AB13: 6 jaar
A14: 1- | C14: Bouwkundig
A15: 3- | C15: Inrichting
A16: 5- | C16: Werktuigbouwkundig
A17: 51 | C17: WARMTEOPWEKKING
A18: 510000 | B18: V | C18: Leidingwerk incl. appendages, afsluiters afscheiders, pompen etc. | F18: 1 | G18: post | H18: 1971 | I18: Gebouw | J18: Gebouw | K18: 44618 | L18: M2/BVO | M18: 50 | N18: W | O18: Corrosie | P18: 3 | Q18: 2 | R18: 3 | S18: x
A19: 513110 | B19: V | C19: Platenwarmtewisselaar | D19: 46MS31000 | E19: Platenwarmtewisselaar Centrifuges koeling H333f | F19: 1 | G19: st | H19: ?? | I19: 3e verdieping | J19: H339 | K19: ?? | L19: ?? | M19: 17 | N19: W | O19: Verval | P19: 3 | Q19: 5 | R19: 4 | S19: x
A20: 513110 | B20: V | C20: Platenwarmtewisselaar (Enchangeur a plaques) | E20: Uranus platenwarmtewisselaar 212 | F20: 4 | G20: st | H20: ?? | I20: Kelder | J20: BK26 | K20: ?? | L20: ?? | M20: 17 | N20: W | O20: Verval | P20: 3 | Q20: 5 | R20: 4 | S20: x
A21: 52 | C21: AFVOEREN
A22: 521110 | B22: V | C22: HWA | F22: 1 | G22: post | H22: 1971 | I22: Daken | J22: Daken | K22: ?? | L22: ?? | M22: 20 | N22: W | R22: 1
A23: 521120 | B23: V | C23: VWA systeem | E23: n.v.t. | F23: 1 | G23: post | H23: 1971 | I23: Gebouw | J23: Gebouw | K23: 44618 | L23: M2/BVO | M23: 50 | N23: W | R23: 1
A24: 521210 | B24: V | C24: Hemelwaterafvoer PVC | E24: Hemelwaterafvoer PVC | F24: 25 | G24: m1 | H24: ?? | I24: Dak | J24: Dak | K24: ?? | L24: ?? | M24: 20 | N24: W | O24: Verwering, ontbrekende hwa en corrosie bevestigers | P24: 2 | Q24: 5 | R24: 4 | S24: x
A25: 521610 | B25: V | C25: Vuilwaterput | E25: Vuilwaterput | F25: 1 | G25: st | H25: ?? | I25: Kelder | J25: AK01 | K25: ?? | L25: ?? | M25: 18 | N25: W | O25: Verval | P25: 3 | Q25: 5 | R25: 4 | S25: x
A26: 521610 | B26: V | C26: Vuilwaterput | E26: Vuilwaterput VDR 21-4 | F26: 1 | G26: st | H26: ?? | I26: Kelder | J26: Ak16 | K26: ?? | L26: ?? | M26: 18 | N26: W | O26: Verval | P26: 3 | Q26: 5 | R26: 4 | S26: x
A27: 521610 | B27: V | C27: Vuilwaterput | E27: Vuilwaterput | F27: 1 | G27: st | H27: ?? | I27: Kelder | J27: BK26 | K27: ?? | L27: ?? | M27: 18 | N27: W | O27: Verval | P27: 3 | Q27: 5 | R27: 4 | S27: x
A28: 521610 | B28: V | C28: Vuilwaterput | E28: Vuilwaterput | F28: 1 | G28: st | H28: ?? | I28: Kelder | J28: CK77 | K28: ?? | L28: ?? | M28: 18 | N28: W | O28: Verval | P28: 3 | Q28: 5 | R28: 4 | S28: x
A29: 521610 | B29: V | C29: Vuilwaterput | E29: Vuilwaterput AWA Drainer 301SE | F29: 1 | G29: st | H29: ?? | I29: Kelder | J29: EK05 | K29: ?? | L29: ?? | M29: 18 | N29: W | O29: Verval | P29: 3 | Q29: 5 | R29: 4 | S29: x
A30: 521610 | B30: V | C30: Vuilwaterput | E30: Vuilwaterput | F30: 1 | G30: st | H30: ?? | I30: Kelder | J30: FK06 | K30: ?? | L30: ?? | M30: 18 | N30: W | O30: Verval | P30: 3 | Q30: 5 | R30: 4 | S30: x
A31: 521610 | B31: V | C31: Vuilwaterput | E31: Vuilwaterput PA-I 2331/Miniboy | F31: 1 | G31: st | H31: ?? | I31: Kelder | J31: GK028 | K31: ?? | L31: ?? | M31: 18 | N31: W | O31: Verval | P31: 3 | Q31: 5 | R31: 4 | S31: x
A32: 521610 | B32: V | C32: Vuilwaterpomp (RV2) | F32: 1 | G32: st | H32: ?? | I32: Kelder | J32: GK-02b | K32: ?? | L32: ?? | M32: 15 | N32: W | O32: Verval | P32: 3 | Q32: 5 | R32: 4 | S32: x
A33: 521610 | B33: V | C33: Vuilwaterpomp 5+6 (RVW3) | E33: Duijvelaar | F33: 2 | G33: st | H33: 2016 | I33: Kelder | J33: AK01-A | K33: ?? | L33: ?? | M33: 15 | N33: W | R33: 1
A34: 523610 | B34: V | C34: Grondwaterpomp | E34: KSB | F34: 1 | G34: st | H34: ?? | I34: Kelder | J34: B-K26 | K34: ?? | L34: ?? | M34: 15 | N34: W | O34: Verval | P34: 2 | Q34: 5 | R34: 3 | S34: x
A35: 523610 | B35: V | C35: Pompunit tbv wasbakken | E35: Pompunit tbv wasbakken | F35: 5 | G35: st | H35: ?? | I35: Kelder | J35: JK | K35: ?? | L35: ?? | M35: 15 | N35: W | O35: Verval | P35: 2 | Q35: 5 | R35: 3 | S35: x
A36: 524030 | B36: V | C36: Afvoer Faecaliën, scheidingsinstallaties | E36: Onderbrekingsinstallatie Mortuarium HUV2 DPL4-40 N 5/4 (Duijvelaar) | F36: 1 | G36: st | H36: ?? | I36: ?? | J36: ?? | K36: ?? | L36: ?? | M36: 15 | N36: W | O36: Verval | P36: 2 | Q36: 5 | R36: 3 | S36: x
A37: 526002 | B37: V | C37: Vetopvanginstallatie | E37: Vetopvangtanks Keuken, KSB | F37: 1 | G37: st | H37: ?? | I37: Kelder | J37: GK02b | K37: ?? | L37: ?? | M37: 15 | N37: W | O37: Verval | P37: 3 | Q37: 5 | R37: 4 | S37: x
A38: 53 | C38: WATER
A39: 531000 | B39: V | C39: Drinkwaterinstallatie (leidingwerk incl. appendages) | E39: Drinkwaterinstallatie | F39: 1 | G39: pm | H39: ?? | I39: Gebouw | J39: Gebouw | K39: 44618 | L39: M2/BVO | M39: 15 | N39: W | O39: Corrosie leidingen en appendages | P39: 3 | Q39: 2 | R39: 3 | S39: x
A40: 535030 | B40: V | C40: Demiwater nabehandeld | E40: Demiwater nabehandeld | F40: 1 | G40: st | H40: ?? | I40: Gebouw | J40: Gebouw | K40: ?? | L40: ?? | M40: 15 | N40: W | O40: Corrosie leidingen en appendages | P40: 3 | Q40: 2 | R40: 3 | S40: x
A41: 535030 | B41: V | C41: Demiwater | E41: Demiwater | F41: 1 | G41: st | H41: ?? | I41: Gebouw | J41: Gebouw | K41: ?? | L41: ?? | M41: 15 | N41: W | O41: Corrosie leidingen en appendages | P41: 3 | Q41: 2 | R41: 3 | S41: x
A42: 531000 | B42: V | C42: Drinkwaterleiding LD | E42: Drinkwaterleiding LD | F42: 1 | G42: pm | H42: ?? | I42: Gebouw | J42: Gebouw | K42: ?? | L42: ?? | M42: 15 | N42: W | O42: Verval | P42: 3 | Q42: 4 | R42: 3
A43: 531000 | B43: V | C43: Drinkwaterleiding HD | E43: Drinkwaterleiding HD | F43: 1 | G43: pm | H43: ?? | I43: Gebouw | J43: Gebouw | K43: ?? | L43: ?? | M43: 15 | N43: W | O43: Verval | P43: 3 | Q43: 4 | R43: 3
A44: 531400 | B44: V | C44: Hydrofoor (4pomps), | E44: PREMIUM LINE HU3 DPV6/3 B VFD CM CC G 1 1/4 x G 2 | F44: 1 | G44: st | H44: 2019 | I44: Kelder | J44: B-K26 | K44: ?? | L44: ?? | M44: 15 | N44: W | O44: Verval | P44: 1 | Q44: 3 | R44: 1
A45: 531400 | B45: V | C45: Hydrofoor (4pomps), | E45: Megacontrol II - 4 pomps | F45: 1 | G45: st | H45: ?? | I45: Kelder | J45: GK-02a | K45: ?? | L45: ?? | M45: 15 | N45: W | O45: Verval | P45: 1 | Q45: 3 | R45: 1
A46: 531400 | B46: V | C46: Hydrofoor (2pomps), ` | E46: Break-unit - 2 pomps | F46: 1 | G46: st | H46: ?? | I46: Kelder | J46: GK-02a | K46: ?? | L46: ?? | M46: 15 | N46: W | O46: Verval | P46: 1 | Q46: 3 | R46: 1
A47: 534420 | B47: V | C47: Pompunit tbv condens LBK | E47: Pompunit tbv condens LBK | F47: 1 | G47: st | H47: ?? | I47: Kelder | J47: HSK25 | K47: ?? | L47: ?? | M47: 15 | N47: W | O47: Verval | P47: 2 | Q47: 5 | R47: 3 | S47: x
A48: 530000 | B48: V | C48: Doseerinstallatie | E48: Doseerinstallie Medische Faculteit, CCD plus Houseman | F48: 2 | G48: st | H48: ?? | I48: Kelder | J48: BK25 | K48: ?? | L48: ?? | M48: 15 | N48: W | O48: Verval | P48: 1 | Q48: 5 | R48: 2
A49: 535020 | B49: V | C49: Waterontharder | E49: Waterontharder | F49: 1 | G49: st | H49: ?? | I49: Kelder | J49: EK05 | K49: ?? | L49: ?? | M49: 15 | N49: W | O49: Verval | P49: 1 | Q49: 5 | R49: 2
A50: 535020 | B50: V | C50: Waterontharder | E50: Waterontharder | F50: 1 | G50: st | H50: ?? | I50: Kelder | J50: BK26 | K50: ?? | L50: ?? | M50: 15 | N50: W | O50: Verval | P50: 3 | Q50: 5 | R50: 4 | S50: x
A51: 530000 | B51: V | C51: Verdeler | D51: 47MA06001 / 47MA06002 | E51: 3 x TA / 1 x Grundfos UPS 40 - 60 / 2F - MC06LLCP4 | F51: 1 | G51: st | H51: ?? | I51: 6e verdieping | J51: A0624 | K51: ?? | L51: ?? | M51: 30 | N51: W | O51: Corrosie / Verval | P51: 3 | Q51: 2 | R51: 3 | S51: x
A52: 532120 | B52: V | C52: Boiler | E52: Close In 15, Daalderop 15 liter | F52: 1 | G52: st | H52: 2018 | I52: 7e verdieping | K52: 15 | L52: liter | M52: 15 | N52: W | R52: 1
A53: 532120 | B53: V | C53: Boiler | E53: Close In 15, Daalderop 15 liter | F53: 1 | G53: st | H53: 2018 | I53: 6e verdieping | K53: 15 | L53: liter | M53: 15 | N53: W | R53: 1
A54: 532120 | B54: V | C54: Boiler | E54: Close In 15, Daalderop 15 liter | F54: 1 | G54: st | H54: 2018 | I54: 5e verdieping | K54: 15 | L54: liter | M54: 15 | N54: W | R54: 1
A55: 532120 | B55: V | C55: Boiler | E55: Close In 15, Daalderop 15 liter | F55: 1 | G55: st | H55: 2018 | I55: 4e verdieping | K55: 15 | L55: liter | M55: 15 | N55: W | R55: 1
A56: 532120 | B56: V | C56: Boiler | E56: Close Up 10, Daalderop 15 liter | F56: 1 | G56: st | H56: 2018 | I56: 4e verdieping | K56: 10 | L56: liter | M56: 15 | N56: W | R56: 1
A57: 532120 | B57: V | C57: Boiler | E57: Close In 15, Daalderop 15 liter | F57: 1 | G57: st | H57: 2018 | I57: 3e verdieping | K57: 15 | L57: liter | M57: 15 | N57: W | R57: 1
A58: 532120 | B58: V | C58: Boiler | E58: Close In 15, Daalderop 15 liter | F58: 1 | G58: st | H58: 2018 | I58: 2e verdieping | K58: 15 | L58: liter | M58: 15 | N58: W | R58: 1
A59: 532120 | B59: V | C59: Boiler | E59: Close In 15, Daalderop 15 liter | F59: 1 | G59: st | H59: 2018 | I59: 1e verdieping | K59: 15 | L59: liter | M59: 15 | N59: W | R59: 1
A60: 532120 | B60: V | C60: Boiler | E60: Close In 15, Daalderop 10 liter | F60: 1 | G60: st | H60: 2018 | I60: Gebouw 1089a - BG | K60: 10 | L60: liter | M60: 15 | N60: W | R60: 1
A61: 532120 | B61: V | C61: Boiler | E61: 150 liter Daalderop | F61: 1 | G61: st | H61: ?? | I61: Kelder | J61: GK-17 | K61: 150 | L61: liter | M61: 15 | N61: W | O61: Verval (Boiler lekt) | P61: 3 | Q61: 5 | R61: 4 | S61: x
A62: 530000 | B62: H | C62: oog-/ veiligheidsdouches | E62: oog-/ veiligheidsdouches | F62: 6 | G62: st | H62: 1971 | I62: Gebouw | J62: Gebouw | K62: ?? | L62: ?? | M62: 15 | N62: W | O62: Verval | P62: 3 | Q62: 5 | R62: 4 | S62: x
A63: 54 | C63: GASSEN
A64: 540000 | B64: V | C64: leidingwerk incl appendages | E64: Aardgasnet | F64: 1 | G64: post | H64: 1971 | I64: Gebouw | J64: Gebouw | K64: 44618 | L64: M2/BVO | M64: 50 | N64: W | O64: Corrosie leidingen en appendages | P64: 3 | Q64: 2 | R64: 3 | S64: x
A65: 542220 | B65: V | C65: Vacuum installatie | D65: 44MA02001 | E65: Mineral Oil Iso / Leybold SV40B 960305 | F65: 1 | G65: st | H65: 2011 | I65: 2e verdieping | J65: AS-205 | K65: ?? | L65: ?? | M65: 30 | N65: W | R65: 1
A66: 542220 | B66: V | C66: Vacuum installatie | D66: 44MA02001 | E66: Mineral Oil Iso / Leybold SV40B 960305 | F66: 1 | G66: st | H66: 2013 | I66: 3e verdieping | J66: GS320 | K66: ?? | L66: ?? | M66: 30 | N66: W | R66: 1
A67: 542220 | B67: V | C67: Vacuumpomp | D67: 44MH01001 | E67: Vacuumpomp / 0090-12H | F67: 1 | G67: st | H67: 1997 | I67: 1e verdieping | J67: HS-121 | K67: ?? | L67: ?? | M67: 25 | N67: W | O67: Verval | P67: 2 | Q67: 5 | R67: 3
A68: 542220 | B68: V | C68: Vacuumontgasser | D68: 49MBK1001 | E68: Spirovent air superior | F68: 1 | G68: st | H68: ?? | I68: Kelder | J68: BK-26 | K68: ?? | L68: ?? | M68: 30 | N68: W | O68: Verval | P68: 1 | Q68: 5 | R68: 2
A69: 542220 | B69: V | C69: Vacuumontgasser | D69: 49TEO4002 | E69: Spirovent super 100 INT Patent | F69: 1 | G69: st | H69: ?? | I69: 6e verdieping | J69: G622 | K69: ?? | L69: ?? | M69: 30 | N69: W | O69: Verval | P69: 1 | Q69: 5 | R69: 2
A70: 542220 | B70: V | C70: Oil Mist Filter | E70: Absolent AB Oil Mist Filter, ODF 2000HP | F70: 1 | G70: st | H70: 2008 | I70: Begane grond | J70: C008 | K70: ?? | L70: ?? | M70: 25 | N70: W | O70: Verval | P70: 1 | Q70: 5 | R70: 2
A71: 55 | C71: KOUDEOPWEKKING
A72: 550000 | B72: V | C72: leidingwerk incl appendages, afsluiters afscheiders, pompen etc | E72: n.v.t. | F72: 1 | G72: post | H72: 1971 | I72: Gebouw | J72: Gebouw | K72: 44618 | L72: M2/BVO | M72: 50 | N72: W | O72: Corrosie leidingen en appendages | P72: 3 | Q72: 2 | R72: 3 | S72: x
A73: 552030 | B73: V | C73: Koelcel | E73: Koelcel | F73: 1 | G73: st | H73: ?? | I73: 2e verdieping | J73: H232A | K73: ?? | L73: ?? | M73: 17 | N73: W | O73: Verval | P73: 2 | Q73: 5 | R73: 3
A74: 552030 | B74: V | C74: Koelcel | E74: Koelcel | F74: 1 | G74: st | H74: ?? | I74: 2e verdieping | J74: B235H | K74: ?? | L74: ?? | M74: 17 | N74: W | O74: Verval | P74: 2 | Q74: 5 | R74: 3
A75: 552030 | B75: V | C75: Koelcel | E75: Koelcel | F75: 1 | G75: st | H75: ?? | I75: 3e verdieping | J75: G324A | K75: ?? | L75: ?? | M75: 17 | N75: W | O75: Verval | P75: 2 | Q75: 5 | R75: 3
A76: 552030 | B76: V | C76: Koelcel | E76: Koelcel | F76: 1 | G76: st | H76: ?? | I76: 3e verdieping | J76: G324B | K76: ?? | L76: ?? | M76: 17 | N76: W | O76: Verval | P76: 3 | Q76: 5 | R76: 4 | S76: x
A77: 552030 | B77: V | C77: Koelcel | E77: Koelcel | F77: 1 | G77: st | H77: ?? | I77: 3e verdieping | J77: H333D | K77: ?? | L77: ?? | M77: 17 | N77: W | O77: Verval | P77: 2 | Q77: 5 | R77: 3
A78: 552030 | B78: V | C78: Koelcel | E78: Koelcel Mortuarium | F78: 1 | G78: st | H78: ?? | I78: Kelder | J78: G-K10 | K78: ?? | L78: ?? | M78: 17 | N78: W | O78: Verval | P78: 1 | Q78: 3 | R78: 1
A79: 552030 | B79: V | C79: Koelcel | E79: Koelcel Mortuarium (Geautomatiseerd) | F79: 1 | G79: st | H79: ?? | I79: Kelder | J79: G-K10 | K79: ?? | L79: ?? | M79: 17 | N79: W | O79: Verval | P79: 1 | Q79: 3 | R79: 1
A80: 552140 | B80: V | C80: Koelinstallatie | E80: MODINE ECO, Heat transfer cooler | F80: 1 | G80: st | H80: 2018 | I80: Dak | K80: ?? | L80: ?? | M80: 17 | N80: W | R80: 1
A81: 552140 | B81: V | C81: Koelinstallatie | E81: Atlas Copco GA5 FF | F81: 1 | G81: st | H81: ?? | I81: 6e verdieping | J81: A624 | K81: ?? | L81: ?? | M81: 17 | N81: W | R81: 1
A82: 552001 | B82: V | C82: Koelinstallatie | E82: DKC Dekkers Koelcombi MC585 | F82: 1 | G82: st | H82: ?? | I82: 6e verdieping | J82: A624 | K82: ?? | L82: ?? | M82: 17 | N82: W | R82: 1
A83: 552001 | B83: V | C83: Koelinstallatie | D83: 46MG02009 | E83: Electrolux Koelcompressor | F83: 1 | G83: st | H83: ?? | I83: 3e verdieping | J83: GS320 | K83: ?? | L83: ?? | M83: 17 | N83: W | O83: Verval | P83: 1 | Q83: 5 | R83: 2
A84: 552001 | B84: V | C84: Koelinstallatie | D84: 46MH03001 | E84: Koelcompressor | F84: 1 | G84: st | H84: ?? | I84: 3e verdieping | J84: H339 | K84: ?? | L84: ?? | M84: 17 | N84: W | O84: Verval | P84: 1 | Q84: 5 | R84: 2
A85: 552001 | B85: V | C85: Koelinstallatie | D85: 46MG | E85: Koelcompressor L'unite Hermetique | F85: 1 | G85: st | H85: ?? | I85: 2e verdieping | K85: ?? | L85: ?? | M85: 17 | N85: W | O85: Verval | P85: 1 | Q85: 5 | R85: 2
A86: 552001 | B86: V | C86: Koelinstallatie | D86: 46MHK1001 | E86: Koelcompressor | F86: 1 | G86: st | H86: ?? | I86: 1e verdieping | J86: HS121 | K86: ?? | L86: ?? | M86: 17 | N86: W | O86: Verval | P86: 1 | Q86: 5 | R86: 2
A87: 552001 | B87: V | C87: Koelinstallatie | D87: 46MHK1002 | E87: Koelcompressor | F87: 1 | G87: st | H87: ?? | I87: 1e verdieping | J87: HS121 | K87: ?? | L87: ?? | M87: 17 | N87: W | O87: Verval | P87: 1 | Q87: 5 | R87: 2
A88: 552030 | B88: V | C88: Koelmachine klimaatkamer | E88: Koelmachine klimaatkamer | F88: 1 | G88: st | H88: ?? | I88: 3e verdieping | J88: G317a | K88: ?? | L88: ?? | M88: 17 | N88: W | O88: Verval | P88: 3 | Q88: 5 | R88: 4 | S88: x
A89: 552030 | B89: V | C89: Koelunit | E89: Koelunit kadavercel 1 | F89: 2 | G89: st | H89: ?? | I89: Kelder | J89: GK25 | K89: ?? | L89: ?? | M89: 17 | N89: W | O89: Verval | P89: 2 | Q89: 5 | R89: 3
A90: 552030 | B90: V | C90: Koelunit | E90: Koelunit SK1 | F90: 1 | G90: st | H90: ?? | I90: Kelder | J90: BK26 | K90: ?? | L90: ?? | M90: 17 | N90: W | O90: Verval | P90: 2 | Q90: 5 | R90: 3
A91: 552030 | B91: V | C91: Koelunit | E91: Koelunit SK2 | F91: 1 | G91: st | H91: ?? | I91: Kelder | J91: BK26 | K91: ?? | L91: ?? | M91: 17 | N91: W | O91: Verval | P91: 2 | Q91: 5 | R91: 3
A92: 552130 | B92: V | C92: Koelinstallatie | D92: 46MJ00001 | E92: Climaveneta FOCS2-W/CA-E/S 1802 | F92: 1 | G92: st | H92: ?? | I92: Begane grond | J92: J094 | K92: ?? | L92: ?? | M92: 17 | N92: W | O92: Verval | P92: 1 | Q92: 5 | R92: 2
A93: 552130 | B93: V | C93: Koelinstallatie | D93: 46MBK1001 | E93: Climaveneta FOCS2-W/CA-E/S 1802 | F93: 1 | G93: st | H93: 2011 | I93: Kelder | J93: BK26 | K93: ?? | L93: ?? | M93: 17 | N93: W | O93: Verval | P93: 1 | Q93: 5 | R93: 2
A94: 552130 | B94: V | C94: Koelinstallatie | D94: 46MBK1004 | E94: Climaveneta FOCS2-W/CA-E/S 1802 | F94: 1 | G94: st | H94: 2011 | I94: Kelder | J94: BK26 | K94: ?? | L94: ?? | M94: 17 | N94: W | O94: Verval | P94: 1 | Q94: 5 | R94: 2
A95: 552140 | B95: V | C95: Koelinstallatie | E95: Güntner Compressed air | F95: 1 | G95: st | H95: 2016 | I95: Gevel | J95: Gevel | K95: ?? | L95: ?? | M95: 17 | N95: W | R95: 1
A96: 552140 | B96: V | C96: Koelinstallatie | E96: Frigotronic LZC-CU4VES | F96: 1 | G96: st | H96: ?? | I96: Kelder | J96: GK02a | K96: 3.7 | L96: Kw | M96: 17 | N96: W | R96: 1
A97: 550000 | B97: V | C97: RC6 | E97: RC6 SK1 | F97: 1 | G97: st | H97: ?? | I97: Gebouw | J97: Gebouw | K97: ?? | L97: ?? | M97: 17 | N97: W | O97: Verval | P97: 1 | Q97: 5 | R97: 2
A98: 550000 | B98: V | C98: RC6 | E98: RC6 SK2 | F98: 1 | G98: st | H98: ?? | I98: Gebouw | J98: Gebouw | K98: ?? | L98: ?? | M98: 17 | N98: W | O98: Verval | P98: 1 | Q98: 5 | R98: 2
A99: 550000 | B99: V | C99: RC8 | E99: RC8 SK1 | F99: 1 | G99: st | H99: ?? | I99: Gebouw | J99: Gebouw | K99: ?? | L99: ?? | M99: 17 | N99: W | O99: Verval | P99: 1 | Q99: 5 | R99: 2
A100: 552110 | B100: V | C100: Koudwater aggregaat | E100: Koudwater aggregaat | F100: 1 | G100: st | H100: ?? | I100: Kelder | J100: MS26 | K100: ?? | L100: ?? | M100: 17 | N100: W | O100: Verval | P100: 1 | Q100: 5 | R100: 2
A101: 552310 | B101: V | C101: TSA apparatenkoeling | E101: TSA apparatenkoeling | F101: 1 | G101: st | H101: ?? | I101: Gebouw | J101: Gebouw | K101: ?? | L101: ?? | M101: 17 | N101: W | O101: Verval | P101: 2 | Q101: 5 | R101: 3
A102: 552310 | B102: V | C102: TSA | D102: 47MBK1004 | E102: TSA C.V. 5e en 6e verdieping (incl 2st voorraadtanks NEM en leidingen + appendages) | F102: 1 | G102: st | H102: ?? | I102: Kelder | J102: BK25 | K102: ?? | L102: ?? | M102: 17 | N102: W | O102: Verval | P102: 3 | Q102: 5 | R102: 4 | S102: x
A103: 552310 | B103: V | C103: TSA Electronenmicroscoop | E103: TSA Electronenmicroscoop | F103: 1 | G103: st | H103: ?? | I103: Gebouw | J103: Gebouw | K103: ?? | L103: ?? | M103: 17 | N103: W | O103: Verval | P103: 1 | Q103: 5 | R103: 2
A104: 552310 | B104: V | C104: TSA koeling keuken apparatuur | E104: TSA koeling keuken apparatuur | F104: 1 | G104: st | H104: ?? | I104: Gebouw | J104: Gebouw | K104: ?? | L104: ?? | M104: 17 | N104: W | O104: Verval | P104: 2 | Q104: 5 | R104: 3
...

Sheet 5. TR-Bouwkundig
A2: ASSETLIJST VU TRANSITORIUM - BOUWKUNDIG
A4: BVO: | B4: 14.803 m2
A5: Object: | B5: Transitorium
A6: Bouwlagen | B6: 7 stuks - inclusief kelder en souterain
A7: Datum | B7: 43572
A8: Bouwjaar | B8: 1968
A9: Bouwkundig | K9: Inschrijver mag naar eigen inzicht activiteiten aanpassen, door middel van het leggen van de link met de prerstatieonderhoudsniveaus. Uiteindelijk dient er doelmatig onderhoud gepleegd te worden. De keuzes hierin dienen uitgelegd te worden in het Plan van Aanpak MJOP.
M12: Prijs | S12: Totaal
A13: NL/Sfb code | B13: Omschrijving | C13: Bouwdeel gegevens | D13: Aantal | E13: Eenheid | F13: Gebrek | G13: Intensiteit | H13: Omvang | I13: Cvo | J13: Startjaar 2020 | K13: Activiteit | L13: Opmerking | M13: 2020 | N13: 2021 | O13: 2022 | P13: 2023 | Q13: 2024 | R13: 2025 | S13: 6 jaar
A14: 1- | C14: Bouwkundig
B15: Alg. en Bouwk. incidenteel periodiek onderhoud | C15: Reservering algemeen periodiek onderhoud | D15: 14803 | E15: m2
B16: Alg. periodiek incidenteel OH WET en regelinstall. | C16: Reservering incidenteel en periodiek onderhoud | D16: 14803 | E16: m2
A17: 17 | B17: PAALFUNDERING
A18: 172002 | B18: Paalfundering; beton | C18: Fundering (onbekend) | D18: 1 | E18: pm | I18: 1
A19: 21 | B19: BUITENWANDEN
A20: 211000 | B20: Buitenwanden | C20: Gebitumineerde polyestermat slabbe onderin oostgevel (Bims steen) en onder kozijnen onderin oostgevel (ruimte 0A-01) | D20: 25 | E20: m1 | F20: Verwering | G20: 3 | H20: 5 | I20: 5 | J20: x
A21: 211002 | B21: Buitenwanden, niet constructief beton | C21: Gevelelementen gewassen beton (2268m2) | D21: 2278 | E21: m2 | F21: Incidenteel afgeboerde randen | G21: 3 | H21: 1 | I21: 1 | J21: x
C22: Betonbanden v.v. dekkend schilderwerk, binnenplaats (21m1=10m2) | F22: Vuilaanslag en roestpitjes | G22: 1 | H22: 5 | I22: 3 | J22: x
A23: 211005 | B23: Buitenwanden, niet constructief staal | C23: Gemoffelde metalen hoekstrippen gevelpanelen. | D23: 53 | E23: m2 | F23: Corrosieplekken t.p.v. bevestiging | G23: 3 | H23: 1 | I23: 1 | J23: x
A24: 212003 | B24: Buitenwanden, niet constructief metselwerk | C24: Gevelmetselwerk Bims steen v.v. cementgebonden voegwerk (dakopbouw en kopgevel bouwdeel D) (248m2) | D24: 298 | E24: m2 | F24: Scheuren t.p.v. dakopbouw | G24: 3 | H24: 1 | I24: 2 | J24: x
C25: Metselwerk Bims steen v.v. cementgebonden voegwerk, bloembakken buitenruimte kelder (50m2) | F25: Breuk plantenbakken | G25: 3 | H25: 1 | I25: 2 | J25: x
F26: Vuilaanslag | G26: 1 | H26: 5 | I26: 3 | J26: x
C27: Gemoffelde aluminium dakranden hoofddak en t.p.v. binnenplaats | D27: 259 | E27: m1 | F27: Verwering | G27: 1 | H27: 5 | I27: 3
A28: 22 | B28: BINNENWANDEN
A29: 221002 | B29: Seperatiewand; steenachtig | C29: Diverse niet dragende binnenwanden, deels v.v. muurverfafwerking | D29: 7397 | E29: m2 | I29: 1
A30: 222003 | B30: Binnenwanden, constructief metselwerk | C30: Schoon metselwerk betonsteen v.v. voegwerk platvol | D30: 816 | E30: m2 | F30: Breuk t.p.v. gang 3F-00 en K2B-00 (tevens diverse beschadigingen geconstateerd) | G30: 3 | H30: 1 | I30: 1 | J30: x
A31: 23 | B31: VLOEREN
A32: 232002 | B32: Vloeren, constructief beton | C32: Betonvloer constructief | D32: 1 | E32: pm | F32: Breuk in glazen bouwstenen | G32: 3 | H32: 1 | I32: 2 | J32: x
C33: Betonvloer kelderdak met betontegels en glazen bouwstenen t.p.v. westgevel
C34: Betonnen omloopgalerijen / balustrade deels v.v. dekkend systeem (625m1 1,5m breed) | D34: 938 | E34: m2 | F34: Breuk/afboeren voornamelijk op aansluiting balustrade op galerijranden op veel plekken (ca 310 balusters) | G34: 3 | H34: 3 | I34: 4 | J34: x
A35: 24 | B35: TRAPPEN EN HELLINGEN
A36: 241002 | B36: Trappen beton | C36: Buitentrap beton (wenteltrap) (3st) | D36: 42 | E36: st | F36: Breuk in trede wenteltrap begane grond en buitentrap entree | G36: 3 | H36: 1 | I36: 2 | J36: x
C37: Buitentrap beton entree v.v. betontegels (1st)
C38: Binnentrap beton v.v. linoleum (opstapje 2e bouwdeel B) (1st)
C39: Binnentrap beton v.v. linoleum (opstapje begane grond bouwdeel B) (2st)
C40: Binnentrap grindbeton onafgewerkt (3 trappenhuizen) (35st)
A41: 241005 | B41: Trappen staal | C41: Buitentrap gegalvaniseerd staal (uitgang vleugel E begane grond) (1st) | D41: 3 | E41: st | F41: Verwering zinklaag buitentrap | G41: 1 | H41: 4 | I41: 2
C42: Binnentrap verzinkt staal (1st)
C43: Binnentrap staal v.v. dekkend schilderwerk (3e naar 4e bouwdeel B) (1st)
A44: 244006 | B44: Ladders en klimijzers | C44: Gemoffelde stalen kooiladders | D44: 3 | E44: st | I44: 1
A45: 28 | B45: HOOFDDRAAGCONSTRUCTIES
A46: 281002 | B46: Skeletdelen | C46: Betonskelet (kolommen) deels v.v. muurverf | D46: 1 | E46: pm | I46: 1
A47: 281002 | B47: Wand-/kolomconstructie; beton | C47: Div. beton constructie, deels v.v. muurverf | D47: 1 | E47: pm | I47: 1
A48: 31 | B48: BUITENWANDOPENINGEN
A49: 314001 | B49: Kozijnen hout | C49: Buitenkozijnwerk hardhout v.v. dekkend schilderwerk (dak) | D49: 6 | E49: m2 | I49: 1
A50: 314005 | B50: Kozijnen staal | C50: Buitenkozijnwerk staal aan buitenzijde v.v. dekkend schilderwerk (2304m2) | D50: 2664 | E50: m2 | F50: Verwering (veroudering) | G50: 1 | H50: 5 | I50: 3
C51: Buitenkozijnwerk staal gemoffeld (253m2) | F51: Losse/ontbrekende kozijnlijsten | G51: 3 | H51: 1 | I51: 2 | J51: x
A52: 314201 | B52: Deuren hout | C52: Multiplex deuren v.v. dekkend schilderwerk (dakopbopuw) | D52: 3 | E52: st | F52: Scheuren in topfineer | G52: 3 | H52: 2 | I52: 3 | J52: x
F53: Gebreken hang en sluitwerk | G53: 2 | H53: 3 | I53: 2 | J53: x
A54: 314205 | B54: Deuren staal | C54: Stalen deuren v.v. dekkend schilderwerk (29st) | D54: 33 | E54: st | F54: Corrosie deur hoogspanningsruimte oostgevel en kelderluik | G54: 3 | H54: 1 | I54: 2 | J54: x
C55: Stalen deuren gemoffeld (2st) | F55: Verval | G55: 1 | H55: 5 | I55: 3
C56: Kelderdakluiken v.v. dekkend schilderwerk t.p.v. westgevel (2st) | F56: Gebreken hang en sluitwerk | G56: 2 | H56: 3 | I56: 2 | J56: x
A57: 315008 | B57: Panelen glas | C57: Geemaileerde kozijnpanelen | D57: 672 | E57: m2 | I57: 1
F58: Verwering kitwerk | G58: 3 | H58: 2 | I58: 2 | J58: x
A59: 315502 | B59: Isolatieglas | C59: Isolatieglas | D59: 1549 | E59: m2 | F59: Incidenteel blindgeslagen dubbel glas en incidenteel etsing glas | G59: 3 | H59: 1 | I59: 2 | J59: x
F60: Verwering / beschadigingen kitwerk | G60: 1 | H60: 4 | I60: 2 | J60: x
A61: 316001 | B61: buitendeuren; bijzondere deuren | C61: Automatische schuifdeuren (tochtsluis bg) (1 maal 2 schuifdeuren) | D61: 2 | E61: st | F61: Verval en beschadigingen coating | G61: 1 | H61: 5 | I61: 3
C62: Overheaddeuren brandweer (3st) | D62: 4 | E62: st | I62: 1
C63: Rolhek binnenplein (1st)
C64: Tourniquette + loopdeur (bouwjaar 1997) | D64: 1 | E64: st | F64: Verval en beschadigingen coating | G64: 1 | H64: 5 | I64: 3
C65: Nachtsluis Boon Edam | D65: 1 | E65: st | F65: Verval | G65: 3 | H65: 5 | I65: 4 | J65: x
C66: Tourniquet ingang Boon Edam - 36TB00101 | D66: 1 | E66: st | F66: Verval | G66: 3 | H66: 5 | I66: 4 | J66: x
C67: Automatische schuifdeuren Imtech 36TB00103 / 36TB00104 | D67: 1 | E67: st | F67: Verval | G67: 3 | H67: 5 | I67: 4 | J67: x
A68: 318791 | B68: Buitenjaloezieen elektrisch | C68: Zonweringjaloezieen | D68: 146 | E68: st | F68: Ontbrekende geleiding t.p.v. oostgevel | G68: 3 | H68: 1 | I68: 1 | J68: x
F69: Verval (tevens vervuiling geconstateerd) | G69: 1 | H69: 5 | I69: 3
A70: 32 | B70: BINNENWANDOPENINGEN
A71: 324001 | B71: Kozijnen hout | C71: Binnenkozijnwerk hout v.v. dekkend schilderwerk / blanke lak | D71: 36 | E71: m2 | F71: Beschadiging kozijn kelder ruimte K2B-00 | G71: 3 | H71: 1 | I71: 1 | J71: x
A72: 324005 | B72: Kozijnen staal | C72: Binnenkozijnwerk staal v.v. dekkend schilderwerk | D72: 484 | E72: m2 | F72: Beschadigingen | G72: 3 | H72: 2 | I72: 2
A73: 324006 | B73: Kozijnen aluminium | C73: Binnenkozijnwerk aluminium v.v. dekkend schilderwerk | D73: 752 | E73: m2 | F73: Beschadigingen | G73: 3 | H73: 2 | I73: 2
C74: Binnenkozijnwerk aluminium geanodiseerd | D74: 312 | E74: st | F74: Beschadigingen | G74: 3 | H74: 2 | I74: 2
C75: Binnenkozijnwerk aluminium gemoffeld | F75: Gebreken hang en sluitwerk | G75: 3 | H75: 3 | I75: 3 | J75: x
A76: 324201 | B76: Deuren hout | C76: Deuren v.v. dekkend schilderwerk (394st) | D76: 395 | E76: st | F76: Beschadigingen | G76: 3 | H76: 2 | I76: 2
C77: Houten schuifdeur v.v. dekkend schilderwerk (1st) | F77: Gebreken hang en sluitwerk | G77: 2 | H77: 3 | I77: 2 | J77: x
A79: 324205 | B79: Deuren staal | C79: Stalen binnendeuren gemoffeld (5st) | D79: 94 | E79: st | F79: Kleine beschadigingen | G79: 3 | H79: 2 | I79: 2
C80: Stalen branddeuren v.v. sw (89st)
B81: Deuren glas | C81: Glazen deuren | D81: 35 | E81: st | I81: 1
A82: 324209 | B82: Deuren kunststof | C82: Multiplex binneneuren met HPL toplagen | D82: 192 | E82: st | F82: Kleine beschadigingen | G82: 3 | H82: 2 | I82: 2
A83: 34 | B83: BALUSTRADES EN LEUNINGEN
A84: 341001 | B84: Balustrades buiten hout | C84: Hekwerk met poortje hardhout v.v. dekkend schilderwerk t.p.v. dakterras | D84: 1 | E84: m2 | F84: Houtrot | G84: 3 | H84: 2 | I84: 3 | J84: x
A85: 341002 | B85: Balustrades buiten beton | C85: Betonnen balustrade dekterras | D85: 20 | E85: m2 | F85: Breuk t.p.v hijspunten | G85: 3 | H85: 1 | I85: 2 | J85: x
A86: 341005 | B86: Balustrades buiten staal | C86: Hekwerk staal v.v. dekkend schilderwerk t.p.v. hoofdentree en spiltrappen (72m2) | D86: 84 | E86: m2 | F86: Corrosie hek langs kelderluik en op voetplaten en bevestigingsmiddelen t.p.v. hoofdentree | G86: 3 | H86: 1 | I86: 2 | J86: x
C87: Hekwerk staal v.v. dekkend schilderwerk langs kelderluik (geel) (5m2)
C88: Hekwerk staal verzinkt t.p.v. spiltrap (7m2)
A89: 342005 | B89: Leuningen buiten staal | C89: Leuning staal v.v. dekkend schilderwerk omloopgalerijen | D89: 20 | E89: m1 | F89: Corrosie uiteinde nieuwe galerij westgevel | G89: 3 | H89: 1 | I89: 2 | J89: x
B90: Leuningen binnen staal | C90: Leuning / hekwerk rvs | D90: 10 | E90: m2 | F90: Kleine beschadigingen | G90: 3 | H90: 1 | I90: 1
C91: Leuning staal v.v. dekkend schilderwerk div. (o.a. trappenhuizen) | D91: 180 | E91: m1 | F91: Kleine beschadigingen | G91: 3 | H91: 1 | I91: 1
A92: 37 | B92: DAKOPENINGEN
A93: 372011 | B93: Lichtkoepels | C93: Lichtkoepel 1 bij 1,5 m1; 6 stuks (dak) (9m2) | D93: 25 | E93: m2 | F93: Breuk/scheuren in lichtkoepels binnenplaats (binnenschalen) en breuk stucwerk onder lichtkoepelrand | G93: 3 | H93: 2 | I93: 3 | J93: x
C94: Lichtkoepel rond 80 cm; 4 stuks (dak) (4m2) | F94: Verwering | G94: 1 | H94: 4 | I94: 2
C95: Lichtkoepels 2 bij 2m1; 4 stuks (binnenplaats) (12m2)
A96: 41 | B96: BUITENWANDAFWERKINGEN
A97: 411005 | B97: Buitenwandafwerking staal | C97: Stalen gevelroosters (dak en 3e verdieping) (16m2 v.v. sw, 2m2 RVS) | D97: 18 | E97: m2 | F97: Corrosie op aanzienlijk veel roosters | G97: 3 | H97: 3 | I97: 4 | J97: x
A98: 411023 | B98: Buitenwandafwerking stucwerk | C98: Stucwerk gevelafwerking v.v. dekkend schilderwerk, binnenplaats | D98: 10 | E98: m2 | F98: Beschadigingen | G98: 3 | H98: 2 | I98: 2 | J98: x
A99: 411029 | B99: Gevelafwerkingen; voegwerk | C99: Cementgebonden voegwerk BIMS metselwerk | D99: 248 | E99: m2 | F99: Verzanding en incidenteel afbrokkeling | G99: 2 | H99: 5 | I99: 4
A100: 411061 | B100: Gebouwdilatatie/elementvoegafdichtingen | C100: Kitvoegafdichting elementvoegen gevelpanelen | D100: 1928 | E100: m1 | F100: Vuilaanslag | G100: 1 | H100: 4 | I100: 1
A101: 42 | B101: BINNENWANDAFWERKINGEN
A102: 421005 | B102: Binnenwandfwerkingen; beplating/betimmeringen | C102: Beplating rond liften, metaal v.v. sw, incl. liftdeuren | D102: 60 | E102: m2 | F102: Kleine beschadigingen | G102: 3 | H102: 1 | I102: 1
A103: 421012 | B103: Binnenwandfawerkingen; keramisch tegelwerk | C103: Tegelwerk wanden sanitair | D103: 911 | E103: m2 | F103: Slijtage (Veroudering) | G103: 1 | H103: 5 | I103: 3
A104: 421023 | B104: Binnenwandfawerkingen; stucwerk | C104: Stucwerk wand/kolomafwerking v.v. muurverfafwerking | D104: 1356 | E104: m2 | I104: 1
A105: 421049 | B105: Binnenwandafwerking, voegwerk | C105: Voegwerk platvol t.p.v. metselwerk betonsteen | D105: 816 | E105: m2 | I105: 1
...

Sheet 6. TR-Installaties
A2: ASSETLIJST VU TRANSITORIUM - INSTALLATIES
A4: BVO: | B4: 14803 m2
A5: Object: | B5: Transitorium
A6: Bouwlagen | B6: 7 stuks - inclusief kelder en souterain | T6: Inschrijver mag naar eigen inzicht activiteiten aanpassen, door middel van het leggen van de link met de prerstatieonderhoudsniveaus. Uiteindelijk dient er doelmatig onderhoud gepleegd te worden. De keuzes hierin dienen uitgelegd te worden in het Plan van Aanpak MJOP.
A7: Datum | B7: 43572
A8: Bouwjaar | B8: 1968
V12: Prijs | AB12: Totaal
A13: NL/Sfb code | B13: Huurder (H)/Verhuurder(V) | C13: Omschrijving | D13: TECHNISCHE STICKER | E13: Installatie gegevens | F13: Aantal | G13: Eenheid | H13: Bouwjaar | I13: Verdieping | J13: Ruimtenummer | K13: capaciteit | L13: eenheid | M13: Cyclus bouwdeel | N13: Discipline | O13: Gebrek | P13: Intensiteit | Q13: Omvang | R13: Cvo | S13: Startjaar 2020 | T13: Activiteit | U13: Opmerking | V13: 2020 | W13: 2021 | X13: 2022 | Y13: 2023 | Z13: 2024 | AA13: 2025 | AB13: 6 jaar
A14: 1- | C14: Bouwkundig
A15: 3- | C15: Inrichting
A16: 5- | C16: Werktuigbouwkundig
C17: Alg. en install. incidenteel periodiek onderhoud | F17: 14803 | G17: m2 BVO
C18: Alg. periodiek incidenteel OH WET en regelinstall. | F18: 14803 | G18: m2 BVO
A19: 51 | C19: WARMTEOPWEKKING
A20: 510000 | B20: V | C20: Leidingwerk incl. appendages, afsluiters afscheiders, pompen etc. | F20: 1 | G20: post | H20: 1968 | I20: Gebouw | J20: Gebouw | K20: 14803 | L20: M2/BVO | M20: 50 | N20: W | O20: Corrosie leidingen en gescheurd isolatiemateriaal | P20: 3 | Q20: 2 | R20: 3 | S20: x
A21: 513110 | B21: V | C21: TA | E21: TA | F21: 4 | G21: st | H21: -- | I21: Kelder | J21: K2B32 | M21: 15 | N21: W | O21: Verval | P21: 2 | Q21: 5 | R21: 3
A22: 513110 | B22: V | C22: TSA | D22: 47TBKT007 | E22: TSA | F22: 1 | G22: st | H22: -- | I22: Kelder | J22: K2B32 | M22: 20 | N22: W | O22: Verval | P22: 3 | Q22: 5 | R22: 4 | S22: x
A23: 513110 | B23: V | C23: TSA | D23: 49TBK1001 | E23: Alfa Laval -M6 MDFML | F23: 1 | G23: st | H23: 1999 | I23: Kelder | J23: K2B32 | M23: 20 | N23: W | O23: Verval | P23: 3 | Q23: 5 | R23: 4 | S23: x
A24: 513110 | B24: V | C24: Warmte wisselaar | D24: 47TBK10098 | E24: Warmtewiselaar | F24: 1 | G24: st | H24: -- | I24: Kelder | J24: K2B32 | M24: 20 | N24: W | O24: Verval | P24: 3 | Q24: 5 | R24: 4 | S24: x
A25: 513110 | B25: V | C25: Warmte wissalaar | D25: 49TEO4001 | E25: Warmtewiselaar | F25: 1 | G25: st | I25: Vierde verdieping | J25: 4E -18 | M25: 20 | N25: W | O25: Verval | P25: 2 | Q25: 5 | R25: 3
A26: 52 | C26: AFVOEREN
A27: 521110 | B27: V | C27: leidingwerk incl. appendages | F27: 1 | G27: post | H27: 1968 | I27: Gebouw | J27: Gebouw | K27: 14803 | L27: M2/BVO | M27: 50 | N27: W | O27: corrosie / lekkage | P27: 3 | Q27: 1 | R27: 2 | S27: x
A28: 521110 | B28: V | C28: HWA | E28: Inpandig en exterieur(circa 20 st) | F28: 20 | G28: st | H28: -- | I28: Daken | J28: Daken | M28: 20 | N28: W | R28: 1
A29: 521210 | B29: V | C29: Hemelwaterafvoer buiten pvc | E29: Pvc / koperen hwa stukken in gewassen betongevels goten onderaan hellende daken | F29: 9 | G29: m1 | H29: -- | I29: Daken | J29: Daken | M29: 20 | N29: W | O29: Verwering | P29: 2 | Q29: 5 | R29: 4 | S29: x
A30: 521210 | B30: V | C30: Draingoten | E30: Stalen lijngoten | F30: 3 | G30: m1 | H30: -- | I30: Daken | J30: Daken | M30: 20 | N30: W | O30: Verwering | P30: 1 | Q30: 4 | R30: 2
A31: 521210 | B31: V | C31: VWA systeem | E31: n.v.t. | F31: 1 | G31: post | H31: 1968 | I31: Gebouw | J31: Gebouw | K31: 14803 | L31: M2/BVO | M31: 50 | N31: W | O31: corrosie / lekkage | P31: 3 | Q31: 2 | R31: 3 | S31: x
A32: 521610 | B32: V | C32: Vuilwaterpomp, | D32: 43TFK2102 / 43TFK3101 | E32: Duijvelaar, type VWZ ORV 615-2-130 / 3,5 A | F32: 2 | G32: st | I32: Kelder | J32: K2F-45 | M32: 15 | N32: W | O32: Verval | P32: 2 | Q32: 5 | R32: 3
A33: 521610 | B33: V | C33: Vuilwaterpomp, | D33: 43TDK2110 | E33: Duijvelaar - FEKA Unit C1V915-2 / 1,5 kw / 28090-l/min / | F33: 1 | G33: st | H33: -- | I33: Kelder | J33: K2D-13 | M33: 15 | N33: W | O33: Verval | P33: 2 | Q33: 5 | R33: 3
A34: 521610 | B34: V | C34: vuilwaterpomp, | E34: Duijvelaar | F34: 1 | G34: st | H34: -- | I34: Kelder | J34: K2-D24 | M34: 15 | N34: W | O34: Verval | P34: 2 | Q34: 5 | R34: 3
A35: 521610 | B35: V | C35: vuilwaterpomp 1P-01C, VWA P-4 | E35: Duijvelaar | F35: 1 | G35: st | H35: 2009 | I35: Kelder - P- garage -1 | J35: Installatieruimte | M35: 15 | N35: W | O35: Verval | P35: 1 | Q35: 5 | R35: 2
A36: 521610 | B36: V | C36: vuilwaterpomp | E36: Duijvelaar | F36: 2 | G36: st | H36: 2016 | I36: Kelder | J36: K2B46C | M36: 15 | N36: W | R36: 1
A37: 53 | C37: WATER
A38: 531000 | B38: V | C38: leidingwerk incl appendages | F38: 1 | G38: post | H38: 2009 | I38: Gebouw | J38: Gebouw | K38: 14803 | L38: M2/BVO | M38: 50 | N38: W | R38: 1
A39: 531400 | B39: V | C39: hydrofoor | D39: 49TBK2001 | E39: Duijvwlaar DP Control - 2 pompen | F39: 1 | G39: st | H39: 2008 | I39: Kelder | J39: K2B-S1 | M39: 15 | N39: W | O39: Verval | P39: 1 | Q39: 5 | R39: 2
A40: 56 | C40: WARMTEDISTRIBUTIE
A41: 560000 | B41: V | C41: Leidingwerk incl appendages | E41: Leidingwerk incl appendages | F41: 1 | G41: post | H41: 1968 | I41: Gebouw | J41: Gebouw | K41: 14803 | L41: M2/BVO | M41: 50 | N41: W | O41: corrosie / lekkage | P41: 3 | Q41: 2 | R41: 3 | S41: x
A42: 561020 | B42: V | C42: Aanvoer-retourverdeler | E42: Grundfos UPE 25 -60 / TA - TB03RNCK1 - TB03RWCK1 | F42: 2 | G42: st | I42: Vierde verdieping | J42: 4B-32 | M42: 15 | N42: W | O42: Verval | P42: 2 | Q42: 5 | R42: 3
A43: 561020 | B43: V | C43: Aanvoer-retourverdeler | E43: Grundfos UPS 25 -80 / TA - TB 03 LLCK2 | F43: 1 | G43: st | I43: Vierde verdieping | J43: 4B-32 | M43: 15 | N43: W | O43: Verval | P43: 2 | Q43: 5 | R43: 3
A44: 561020 | B44: V | C44: Aanvoer-retourverdeler | E44: 4 x TA / 4 x pompen | F44: 1 | G44: st | H44: 1998 | I44: Kelder | J44: K2E -26A | M44: 15 | N44: W | O44: Verval | P44: 3 | Q44: 5 | R44: 4 | S44: x
A45: 561020 | B45: V | C45: Pomp | E45: TW 31 LWC 6 | F45: 1 | G45: st | I45: 1e verdieoping | J45: 1BS1 | M45: 15 | N45: W | O45: Verval | P45: 2 | Q45: 5 | R45: 3
A46: 561020 | B46: V | C46: Pomp | D46: 47TBK1010 | E46: Grundfos UMS 32 -20 | F46: 1 | G46: st | H46: -- | I46: Kelder | J46: K2B32 | M46: 15 | N46: W | O46: Verval | P46: 2 | Q46: 5 | R46: 3
A47: 561020 | B47: V | C47: Pomp | D47: 47TBK1101 | E47: Grundfos Magna | F47: 1 | G47: st | H47: -- | I47: Kelder | J47: K2B32 | M47: 15 | N47: W | O47: Verval | P47: 2 | Q47: 5 | R47: 3
A48: 561020 | B48: V | C48: Pomp | D48: 47TBK1002 | E48: Grundfos Magna 50 -120 | F48: 1 | G48: st | H48: -- | I48: Kelder | J48: K2B32 | M48: 15 | N48: W | O48: Verval | P48: 2 | Q48: 5 | R48: 3
A49: 561020 | B49: V | C49: Pomp | D49: 47TBK1003 | E49: Grundfos UOE 65 -120 | F49: 1 | G49: st | H49: -- | I49: Kelder | J49: K2B32 | M49: 15 | N49: W | O49: Verval | P49: 2 | Q49: 5 | R49: 3
A50: 561020 | B50: V | C50: Pomp | D50: 47TBK1004 | E50: Grundfos 40 - 60 | F50: 1 | G50: st | H50: -- | I50: Kelder | J50: K2B32 | M50: 15 | N50: W | O50: Verval | P50: 2 | Q50: 5 | R50: 3
A51: 561020 | B51: V | C51: Pomp | D51: 47TBK1005 | E51: Grundfos UMC 80-60 | F51: 1 | G51: st | H51: -- | I51: Kelder | J51: K2B32 | M51: 15 | N51: W | O51: Verval | P51: 2 | Q51: 5 | R51: 3
A52: 561040 | B52: V | C52: Transportpomp | E52: Grundfos + PMU 2000 | F52: 2 | G52: st | H52: -- | I52: Kelder | J52: K2B32 | M52: 15 | N52: W | O52: Verval | P52: 2 | Q52: 5 | R52: 3
A53: 561030 | B53: V | C53: Drukvat | D53: 47 TE040001 / 47 TE04002 | E53: Reflex | F53: 2 | G53: st | H53: 1981 | I53: Vierde verdieping | J53: 4E -18 | K53: 640 | L53: liter | M53: 20 | N53: W | O53: Verval | P53: 3 | Q53: 5 | R53: 4 | S53: x
A54: 561030 | B54: H | C54: Expansieautomaat | D54: 47TBK10006 | E54: Reflex - 1000 liter - 6 bar | F54: 1 | G54: st | H54: 1999 | I54: Kelder | J54: K2B32 | M54: 20 | N54: W | O54: Verval | P54: 3 | Q54: 5 | R54: 4 | S54: x
A55: 561030 | B55: H | C55: Expansieautomaat | E55: TBK1WAA01 | F55: 12 | G55: st | H55: 1999 | I55: Kelder | J55: K2B32 | M55: 20 | N55: W | O55: Verval | P55: 3 | Q55: 5 | R55: 4 | S55: x
A56: 561110 | B56: V | C56: Radiatoren | E56: Radiatoren | F56: 30 | G56: st | H56: 1968 | I56: Gebouw | K56: 14803 | L56: M2/BVO | M56: 30 | N56: W | O56: Verval | P56: 3 | Q56: 5 | R56: 4 | S56: x
A57: 563210 | B57: V | C57: Luchtgordijn tourniquet | E57: Luchtgordijn tourniquet | F57: 1 | G57: st | H57: 1998 | I57: Begane grond | J57: Entree | K57: 3600 | L57: m3/h | M57: 15 | N57: W | O57: Verval | P57: 3 | Q57: 5 | R57: 4 | S57: x
A58: 57 | C58: LUCHTBEHANDELING
A59: 572100 | B59: V | C59: dakafzuigventilator | E59: Holland Heating / 80- 1719 - VCDD 183 | F59: 1 | G59: st | H59: 1980 | I59: Dak - vierde verdieping | J59: Dak | M59: 30 | N59: W | O59: Verval | P59: 3 | Q59: 5 | R59: 4 | S59: x
A60: 572100 | B60: V | C60: dakafzuigventilator trappenhuis | E60: Holland Heating / 80-1719 - VCDD 300 | F60: 1 | G60: st | H60: 1980 | I60: Dak - vierde verdieping | J60: Dak | M60: 30 | N60: W | O60: Verval | P60: 3 | Q60: 5 | R60: 4 | S60: x
A61: 572100 | B61: V | C61: dakafzuigventilator t.b.v. Ruimte 127 -128 | D61: 45 TE04003 | E61: Holland Heating / 80 -1719 - V-CDD 365 | F61: 1 | G61: st | H61: 1980 | I61: Dak - vierde verdieping | J61: Dak | M61: 30 | N61: W | O61: Verval | P61: 3 | Q61: 5 | R61: 4 | S61: x
A62: 572100 | B62: V | C62: dakafzuigventilator | D62: 45TL50001 | E62: Carrier 03 -1883 / 0,47 A / 0.09 - 0017 | F62: 1 | G62: st | H62: 2003 | I62: Dak - vierde verdieping | J62: Dak - dakopbouw 10411042-1 | K62: 0.56 | L62: m3/sec | M62: 30 | N62: W | O62: Verval | P62: 2 | Q62: 5 | R62: 3
A63: 572100 | B63: V | C63: dakafzuigventilator | D63: 45TE04003 | E63: Carrier 03 -1883 / 0,47 A / 0.09 - 0017 | F63: 1 | G63: st | H63: 2003 | I63: Dak - vierde verdieping | J63: Dak | K63: 0.56 | L63: m3/sec | M63: 30 | N63: W | O63: Verval | P63: 2 | Q63: 5 | R63: 3
A64: 572100 | B64: V | C64: dakafzuigventilator ruimte 119 -123 | D64: 45TB03001 | E64: Hollland Heating 80 - 1719 / V-CDP 200 | F64: 1 | G64: st | H64: 2009 | I64: Dak - vierde verdieping | J64: Dak | M64: 30 | N64: W | O64: Verval | P64: 1 | Q64: 4 | R64: 1
A65: 572100 | B65: V | C65: dakafzuigventilator | E65: Carrier 03 -1883 - DCDV -245 / 0,75 kw/ 2,40 A - NR 1043 | F65: 1 | G65: st | H65: 2003 | I65: Dak - vierde verdieping | J65: Dak | K65: 1.5 | L65: m3/sec | M65: 30 | N65: W | O65: Verval | P65: 2 | Q65: 5 | R65: 3
A66: 572100 | B66: V | C66: dakafzuigventilator / dakopbouw 1043 | E66: Carrier 03-1883 - D-CDV 125 / 0,7 - 0,09 kw | F66: 1 | G66: st | H66: 2003 | I66: Dak - vierde verdieping | J66: Dakopbouw 1043 | K66: 0.36 | L66: m3/sec | M66: 30 | N66: W | O66: Verval | P66: 2 | Q66: 5 | R66: 3
A67: 572100 | B67: V | C67: dakafzuigventilator | D67: 45TB02005 | E67: Holland Heating | F67: 1 | G67: st | I67: Dak - vierde verdieping | J67: brandweergararge | M67: 30 | N67: W | O67: Verval | P67: 3 | Q67: 5 | R67: 4
A68: 572100 | B68: V | C68: dakafzuigventilator | D68: 45TB02004 | E68: Holland Heatiing 80 / 0901 | F68: 1 | G68: st | H68: 1980 | I68: Dak - vierde verdieping | J68: kantoor ombouw 2e verdieping | K68: 0.88 | L68: m3/sec | M68: 30 | N68: W | O68: Verval | P68: 3 | Q68: 5 | R68: 4 | S68: x
A69: 572100 | B69: V | C69: dakafzuigventilator | D69: 45TB03005 | E69: Holland Heatiing - TB03LlCV6 / 0,75 KW / 00/0317 | F69: 1 | G69: st | H69: 2000 | I69: Dak - vierde verdieping | J69: Kantoor 3e verdieoping Oost | K69: 1.2 | L69: m3/sec | M69: 30 | N69: W | O69: Verval | P69: 2 | Q69: 5 | R69: 3
A70: 572100 | B70: V | C70: dakafzuigventilator | D70: 45TC03001 | E70: Holland Heating 00/0317 / HCDA - 122 | F70: 1 | G70: st | H70: 2000 | I70: Dak - vierde verdieping | K70: 0.15 | L70: m3/sec | M70: 30 | N70: W | O70: Verval | P70: 2 | Q70: 5 | R70: 3
A71: 572100 | B71: V | C71: dakafzuigventilator | E71: zijn uitgeschakeld | F71: 4 | G71: st | M71: 30 | N71: W | O71: Corrosie | P71: 3 | Q71: 4 | R71: 5 | S71: x | T71: zijn uitgeschakeld
A72: 572100 | B72: V | C72: dakafzuigventilator | D72: 45 TB03002 | E72: Holland Heating - HCDA 200 / 00 -0317/ 0,75 kw | F72: 1 | G72: st | H72: 2000 | I72: Dak - vierde verdieping | J72: Afz. Derde verdieping Noord -West | M72: 30 | N72: W | O72: Verval | P72: 2 | Q72: 5 | R72: 3
A73: 572100 | B73: V | C73: dakafzuigventilator | D73: 45TC03002 | E73: Holland Heating TC03VACV1 - 00/317 / GAV 128 / 0,09 kw | F73: 1 | G73: st | H73: 2000 | I73: Dak | J73: Afz. Tolietgroep 3B - T3 | K73: 0.15 | L73: m3/sec | M73: 30 | N73: W | O73: Verval | P73: 2 | Q73: 5 | R73: 3
A74: 572100 | B74: V | C74: Afzuigventilator | D74: 45TEO4002 | E74: Klep + servomotor 71E3 / 290 PA / 1x snaar XPA 1250 | F74: 1 | G74: st | I74: Vierde verdieping | J74: 4E18 / 18A - afz. T.b.v. KZ kelder +B + G | K74: 0.736 | L74: m3/sec | M74: 30 | N74: W | O74: Verval | P74: 2 | Q74: 5 | R74: 3
A75: 573110 | B75: V | C75: Afvoerventilatilator | D75: 45TDK2001 / 45TDK2002 | E75: Flowspeed | F75: 2 | G75: st | H75: -- | I75: Kelder | J75: K2D13 | M75: 30 | N75: W | O75: Verval | P75: 2 | Q75: 5 | R75: 3 | S75: x
A76: 573110 | B76: V | C76: Afvoerventilatilator - t.b.v. Souterian | D76: 45TB9001 | E76: 80/1719 - 1x V snaar XPZ 1362 | F76: 2 | G76: st | H76: 1980 | I76: Kelder | J76: K2D13 | K76: 1.1 | L76: m3/sec | M76: 30 | N76: W | O76: Verval | P76: 3 | Q76: 5 | R76: 4 | S76: x
A77: 577140 | B77: V | C77: LBK | D77: 45TW30001 | E77: Holland Heating Ver / koelen / TW 30LLCV1 - 80/1275 - HW BL 1825 D unit IV - 11 kw/ 1889 PA/ Schacht inductie systeem 121 -127 / filters 4 stuks Trox F744(490 x 590 x 600) / 2 stuks TROX F744(290 x 590 x 600) | F77: 1 | G77: st | H77: 1980 | I77: Vierde verdieping | J77: 4E - 18 | K77: 4.19 | L77: m3/sec | M77: 25 | N77: W | O77: Verval | P77: 3 | Q77: 5 | R77: 4 | S77: x
A78: 577140 | B78: V | C78: LBK | D78: 45TW30002 | E78: Holland Heating inductie retour - HHW BL 2000D unit III / 1,15 Kw/ 310 PA | F78: 1 | G78: st | H78: 1980 | I78: Vierde verdieping | J78: 4E - 18 | K78: 2.35 | L78: m3/sec | M78: 25 | N78: W | O78: Verval | P78: 3 | Q78: 5 | R78: 4 | S78: x
A79: 577140 | B79: V | C79: LBK | D79: 45TW32001 | E79: Holland Heating / TW 32LL1CV1 / 97-1946/ LCH 122 THLZ 250 / 1,5 kw / toevoer / 1 x V-snaar XPZ 1087 / Kast is slecht bereikbaar | F79: 1 | G79: st | H79: 1997 | I79: Vierde verdieping | J79: 4e-18 | K79: 0.971 | L79: m3/sec | M79: 25 | N79: W | O79: Verval | P79: 2 | Q79: 5 | R79: 3
A80: 577140 | B80: V | C80: LBK | D80: 45TW32002 | E80: Holland Heating / LCH TLZ 250 | F80: 1 | G80: st | H80: 1997 | I80: Vierde verdieping | J80: 4e-18 | K80: 0.875 | L80: m3/sec | M80: 25 | N80: W | O80: Verval | P80: 2 | Q80: 5 | R80: 3
A81: 577140 | B81: V | C81: LBK | E81: Holland Heating TB03LLCV4 / 000317 / HHWBL 1650 D / 5,5 kw / 1972 PA | F81: 1 | G81: st | H81: 2000 | I81: Vierde verdieping | J81: 4B - 32 <> t.b.v. De 3e verdieping | K81: 2.778 | L81: m3/sec | M81: 25 | N81: W | O81: Verval | P81: 2 | Q81: 5 | R81: 3
A82: 577140 | B82: V | C82: LBK | D82: 45TB02002 | E82: TYPE BCS 2700 A Toevoer/ 411559/ 2X VSNAREN XPB 2360 | F82: 1 | G82: st | I82: 3e verdieping | J82: 3B - 32 | K82: 24000 | L82: m3/h | M82: 25 | N82: W | O82: Verval | P82: 3 | Q82: 5 | R82: 4
A83: 577140 | B83: V | C83: LBK - toevoer beg. Gr t/m 2e verdieping | D83: 45TB02001 | E83: Holland Heating4/1559 - 3 V-snarenXPB 2650 | F83: 1 | G83: st | H83: 2009 | I83: 3e verdieping | J83: 3B-32 | K83: 33000 | L83: m3/h | M83: 25 | N83: W | O83: Verval | P83: 1 | Q83: 5 | R83: 2
A84: 577140 | B84: V | C84: LBK | E84: TYPE BCS 2700 B | F84: 1 | G84: st | I84: 3e verdieping | J84: 3B - 32 | K84: 24000 | L84: m3/h | M84: 25 | N84: W | O84: Verval | P84: 3 | Q84: 5 | R84: 4 | S84: x
A85: 577140 | B85: V | C85: LBK - t.b.v. Schacht 120/121 | E85: Holland Heating TW20LLCVi(verw. / koelne) / 80- 1376 / 2 x V snaar XPA 1900 / fiklters TROX 4 stuks 490 x 600 / 2 stuks 290 x 600 | F85: 1 | G85: st | H85: 1980 | I85: Vierde verdieping | J85: 4E- 11 | K85: 3.,67 | L85: m3/sec | M85: 25 | N85: W | O85: Verval | P85: 3 | Q85: 5 | R85: 4 | S85: x
A86: 577140 | B86: V | C86: LBK | D86: 45TE04002 | E86: Exhausto V330HEC22 | F86: 1 | G86: st | H86: 2013 | I86: Vierde verdieping | J86: 4E- 11 | L86: m3/h | M86: 25 | N86: W | O86: Verval | R86: 1
A87: 577140 | B87: V | C87: LBK | D87: 45TW2002 | E87: Holland Heating HHWBL1825 Unit III / 1 V snaar XPA 1800 | F87: 1 | G87: st | H87: 1980 | I87: Vierde verdieping | J87: 4E- 11 | K87: 2.14 | L87: m3/sec | M87: 25 | N87: W | O87: Verval | P87: 3 | Q87: 5 | R87: 4 | S87: x
A88: 577140 | B88: V | C88: Afsluiters in kanalen | E88: Trox TVR Easy - DNO | F88: 8 | G88: st | H88: -- | I88: Souterain | J88: K1F46 | M88: 30 | N88: W | O88: Verval | P88: 3 | Q88: 5 | R88: 4 | S88: x
A89: 577140 | B89: V | C89: LBK | E89: Holland Heating 98/2046 - 10,7 PA / 2 V snaren A81 13 x 2060 | F89: 1 | G89: st | H89: 1998 | I89: Kelder | J89: K2D13 | K89: 3.89 | L89: m3/sec | M89: 25 | N89: W | O89: Verval | P89: 2 | Q89: 5 | R89: 3
A90: 577140 | B90: V | C90: LBK | D90: 45 TDK2002 | E90: Holland Heating 98 / 2046 / HH WBC 1825 D LCU 144 | F90: 1 | G90: st | H90: 1998 | I90: Kelder | J90: K2D13 | K90: 3.89 | L90: m3/sec | M90: 25 | N90: W | O90: Verval | P90: 2 | Q90: 5 | R90: 3
A91: 577140 | B91: V | C91: LBK | D91: 45TS22001 | E91: Holland Heating - 89/1930 - inclusief 2 xTA | F91: 1 | G91: st | H91: 1989 | I91: Kelder | J91: K2B55 | K91: 0.833 | L91: m3/sec | M91: 25 | N91: W | O91: Verval | P91: 3 | Q91: 5 | R91: 4 | S91: x
A92: 577140 | B92: V | C92: LBK | E92: Holland Heating | F92: 1 | G92: st | H92: 1998 | I92: Kelder | J92: K20-24 | M92: 25 | N92: W | O92: Verval | P92: 2 | Q92: 5 | R92: 3
A93: 572103 | B93: V | C93: Kanalen en appendages | E93: Kanalen en appendages | F93: 1 | G93: post | H93: 1971 | I93: Gebouw | J93: Gebouw | K93: 14803 | L93: M2/BVO | M93: 35 | N93: W | O93: Corrosie en gescheurd isolatiemateriaal | P93: 3 | Q93: 3 | R93: 3 | S93: x
E94: Kanalen en appendages | F94: 1 | G94: post | H94: 1971 | I94: Gebouw | J94: Gebouw | K94: 14803 | L94: M2/BVO | N94: W | O94: Vervuiling kanalen | P94: 2 | Q94: 5 | R94: 3 | S94: x
A95: 577150 | B95: V | C95: Frequentie regelaars | E95: VLT HVACDrive | F95: 2 | G95: st | I95: vierde verdieping | J95: 4E -18 | M95: 15 | N95: E | R95: 1
A96: 58 | C96: REGELING KLIMAAT EN SANITAIR
A97: 580000 | B97: V | C97: Regeltechniek algemeen | E97: Siemens OSR026 / 3 groepen | F97: 1 | G97: st | I97: Kelder | J97: K2D13 / 0B-E1 | K97: 14803 | L97: M2/BVO | M97: 15 | N97: E | O97: Verval | P97: 1 | Q97: 5 | R97: 2
A98: 582010 | B98: V | C98: Regelkast | E98: Siemens Landis en Staefa PVRV R4-1 / frequentie regeling HVAC ULT 6000 / ULT 2800 (2X) | F98: 1 | G98: st | H98: 2000/ revisie 2005 | I98: Vierde verdieping | J98: 4B - 32 | M98: 30 | N98: W | O98: Verval | P98: 1 | Q98: 5 | R98: 2
A99: 582010 | B99: V | C99: Regelkast | E99: Siemens / Landis en steafa | F99: 1 | G99: st | H99: 2004 | I99: Derde verdieping | J99: 3B -32 | M99: 30 | N99: W | O99: Verval | P99: 1 | Q99: 5 | R99: 2
A100: 582010 | B100: V | C100: Sturingskast | E100: DR02 - 2 | F100: 3 | G100: st | H100: -- | I100: Kelder | J100: K2D13 | M100: 30 | N100: W | O100: Verval | P100: 3 | Q100: 5 | R100: 4 | S100: x
A101: 582010 | B101: V | C101: Sturingskast | E101: R01B - K01-b | F101: 2 | G101: st | H101: -- | I101: Kelder | J101: K2D13 | M101: 30 | N101: W | O101: Verval | P101: 3 | Q101: 5 | R101: 4 | S101: x
A102: 582010 | B102: V | C102: Regelkast | F102: 1 | G102: st | H102: 2004 | I102: tweede verdieping | J102: 2F | M102: 30 | N102: W | O102: Verval | P102: 1 | Q102: 5 | R102: 2
A103: 582010 | B103: V | C103: Regelkasten | F103: 1 | G103: st | H103: 2002 / 2009 revisie | I103: vierde verdieping | J103: 4e-18 | K103: 14803 | L103: M2/BVO | M103: 30 | N103: W | O103: Verval | P103: 1 | Q103: 5 | R103: 2
A104: 582010 | B104: V | C104: Besturing zonwering | E104: West / oost Zuid | F104: 1 | G104: st | H104: 2003 | I104: Derde verdieping | J104: 2E - S20 | M104: 15 | N104: E | O104: Verval | P104: 3 | Q104: 5 | R104: 4 | S104: x
A105: 582010 | B105: V | C105: Besturing zonwering | F105: 1 | G105: st | H105: 2003 | I105: tweede verdieping | J105: 2BE1 | M105: 15 | N105: E | O105: Verval | P105: 3 | Q105: 5 | R105: 4 | S105: x
...

Sheet 7. KDV-Bouwkundig
A2: ASSETLIJST VU KINDERDAGVERBLIJF - BOUWKUNDIG
A4: BVO: | B4: 1.115 m2/bvo
A5: Object: | B5: Kinderdagverblijf VU Amsterdam
A6: Bouwlagen | B6: 2 stuks | L6: Inschrijver mag naar eigen inzicht activiteiten aanpassen, door middel van het leggen van de link met de prerstatieonderhoudsniveaus. Uiteindelijk dient er doelmatig onderhoud gepleegd te worden. De keuzes hierin dienen uitgelegd te worden in het Plan van Aanpak MJOP.
A7: Datum | B7: 43577
A8: Bouwjaar | B8: 1996
N12: Prijs | T12: Totaal
A13: NL/Sfb code | B13: Omschrijving | C13: Bouwdeel gegevens | D13: Aantal | E13: Eenheid | F13: Discipline | G13: Gebrek | H13: Intensiteit | I13: Omvang | J13: Cvo | K13: Startjaar 2020 | L13: Activiteit | M13: Opmerking | N13: 2020 | O13: 2021 | P13: 2022 | Q13: 2023 | R13: 2024 | S13: 2025 | T13: 6 jaar
A14: 1- | C14: Bouwkundig
B15: Alg. en Bouwk. incidenteel periodiek onderhoud | C15: Reservering algemeen periodiek onderhoud | D15: 1115 | E15: m2 BVO | F15: B
B16: Alg. periodiek incidenteel OH WET en regelinstall. | C16: Reservering incidenteel en periodiek onderhoud | D16: 1115 | E16: m2 BVO | F16: B
A17: 17 | B17: PAALFUNDERING
A18: 172002 | B18: Paalfundering; beton | C18: Fundering (onbekend) | D18: 1 | E18: pm | F18: B | J18: 1
A19: 21 | B19: BUITENWANDEN
A20: 212003 | B20: Buitenwanden, constructief; metselwerk | C20: Halfsteens metselwerk, spouwmuur | D20: 268 | E20: m2 | F20: B | G20: Vuilaanslag | H20: 2 | I20: 3 | J20: 1
E21: m2 | F21: B | G21: Graffity | H21: 3 | I21: 1 | J21: 1 | K21: x
A22: 22 | B22: BINNENWANDEN
A23: 221021 | B23: Binnenwanden, niet constructief systeem | C23: Systeemwand met scanbehang v.v. muurverf | D23: 540 | E23: m2 | F23: B | J23: 1
A24: 23 | B24: VLOEREN
A25: 232002 | B25: Vloeren, constructief beton (binnen) | C25: Vloerconstructie beton | D25: 1580 | E25: m2 | F25: B | J25: 1
A26: 24 | B26: TRAPPEN
A27: 241002 | B27: Trappen beton | C27: Betontrap met marmoleum afwerking | D27: 2 | E27: st | F27: B | J27: 1
A28: 31 | B28: BUITENWANDOPENINGEN
A29: 314001 | B29: Kozijnen hout | C29: Hardhouten buitenkozijnen v.v. dekkend schilderwerk | D29: 238 | E29: m2 | F29: B | G29: Verwering | H29: 2 | I29: 3 | J29: 2
F30: B
A31: 314101 | B31: Ramen hout | C31: Hardhouten klepramen v.v. dekkend schilderwerk (40m2) | D31: 42 | E31: st | F31: B | J31: 1
C32: Hardhouten draaikiepramen v.v. dekkend schilderwerk (2m2) | F32: B
A33: 314201 | B33: Deuren hout | C33: Houten buitendeuren v.v. dekkend schilderwerk | D33: 10 | E33: st | F33: B | J33: 1
F34: B
A35: 315502 | B35: Isolatieglas | C35: Dubbele beglazing | D35: 190 | E35: m2 | F35: B | G35: Verwering | H35: 1 | I35: 4 | J35: 2
A36: 318711 | B36: Zonwering uitval electrisch | C36: Uitval zonweringschermen | D36: 45 | E36: m1 | F36: B | G36: Verwering | H36: 1 | I36: 5 | J36: 3
A37: 318741 | B37: Zonwering screens electrisch | C37: Screens zonwering (verdieping) | D37: 12 | E37: m1 | F37: B | G37: Verwering | H37: 1 | I37: 5 | J37: 3
A38: 32 | B38: BINNENWANDOPENINGEN
A39: 324001 | B39: Kozijnen hout | C39: Houten binnenkozijnwerk v.v. dekkend schilderwerk | D39: 286 | E39: m2 | F39: B | G39: Kleine beschadigingen | H39: 3 | I39: 1 | J39: 1
A40: 324201 | B40: Deuren hout | C40: Houten binnendeuren met HPL toplaag | D40: 59 | E40: st | F40: B | G40: Kleine beschadigingen | H40: 3 | I40: 1 | J40: 1
F41: B | G41: Gebreken aan hang en sluitwerk | H41: 2 | I41: 2 | J41: 1 | K41: x
A42: 34 | B42: BALUSTRADES EN LEUNINGEN
A43: 341505 | B43: Balustrades binnen staal | C43: Gemoffelde stalen traphekken | D43: 12 | E43: m2 | F43: B | G43: Kleine beschadigingen | H43: 3 | I43: 1 | J43: 1
A44: 37 | B44: DAKOPENINGEN
A45: 372011 | B45: Lichtkoepels | C45: Lichtkoepels polycarbonaat (1 st) | D45: 4 | E45: m2 | F45: B | G45: Verwering | H45: 1 | I45: 4 | J45: 2
A46: 41 | B46: BUITENWANDAFWERKINGEN
A47: 411001 | B47: Buitenwandafwerking hout | C47: Multiplex plafondpanelen v.v. dekkend schilderwerk | D47: 6 | E47: m2 | F47: B | J47: 1
A48: 411005 | B48: Buitenwandafwerking staal | C48: Gemoffelde stalen gevelcassettes | D48: 278 | E48: m2 | F48: B | G48: Vewering (en plaatselijk verschoven / gedeformeerde cassettes) | H48: 1 | I48: 5 | J48: 3
F49: B | G49: Corrosie | H49: 3 | I49: 1 | J49: 2 | K49: x
A50: 411029 | B50: Buitenwandafwerking voegwerk | C50: Cementgeboden platvol voegwerk | D50: 268 | E50: m2 | F50: B | G50: Verzanding | H50: 1 | I50: 5 | J50: 3
A51: 411061 | B51: Buitenwandafwerking dilatatie | C51: Kitvoeg in metselwerk gevels | D51: 36 | E51: m1 | F51: B | G51: Verwering (tevens scheurvorming) | H51: 2 | I51: 4 | J51: 3
A52: 42 | B52: BINNENWANDAFWERKINGEN
A53: 421001 | B53: Binnenwandafwerking hout | C53: Houten radiatorombouw v.v. dekkend schilderwerk (4st) (4m2) | D53: 12 | E53: m2 | F53: B | J53: 1
C54: Multiplex v.v. dekkend schilderwerk (8m2) | F54: B
C55: MDF vensterbanken v.v. dekkend schilderwerk (28m1) | D55: 8 | E55: m2 | F55: B | J55: 1
A56: 421012 | B56: Binnenwandafwerking keramisch, tegelwerk | C56: Keramische wandtegels | D56: 110 | E56: m2 | F56: B | G56: Slijtage (Veroudering) | H56: 1 | I56: 4 | J56: 2
A57: 421022 | B57: Binnenwandafwerking behang | C57: Scanbehang v.v. muurverf | D57: 1080 | E57: m2 | F57: B | G57: Beschadigingen op hoeken | H57: 3 | I57: 1 | J57: 1
A58: 43 | B58: VLOERAFWERKINGEN
A59: 432012 | B59: Vloerafwerking binnen keramisch, tegelwerk | C59: Dhg-vloertegels sanitair | D59: 18 | E59: m2 | F59: B | G59: Slijtage | H59: 1 | I59: 4 | J59: 2
A60: 432016 | B60: Vloerbedekking binnen linoleum | C60: Marmoleum | D60: 960 | E60: m2 | F60: B | G60: Slijtage (betreft 1e etage) | H60: 2 | I60: 3 | J60: 2
A61: 432033 | B61: Vloerafwerkingen binnen entreemat | C61: Borstel- en schoonloopmatten | D61: 16 | E61: m2 | F61: B | G61: Slijtage | H61: 1 | I61: 3 | J61: 1
A62: 45 | B62: PLAFONDAFWERKINGEN
A63: 452021 | B63: Plafondafwerking binnen systeemplafond | C63: Systeemplafond minerale wol | D63: 962 | E63: m2 | F63: B | G63: Vervuiling | H63: 1 | I63: 4 | J63: 1
G64: Beschadigingen | H64: 3 | I64: 1 | J64: 1 | K64: x
G65: Vochtschade | H65: 3 | I65: 1 | J65: 2 | K65: x
A66: 46 | B66: SCHILDERWERK
A67: 461030 | B67: Schilderwerk ; hout; buiten (m2) | C67: Dekkend schilderwerk op houten kozijnen (238m2) | D67: 258 | E67: m2 | F67: B | G67: Krijten | H67: 1 | I67: 4 | J67: 2
C68: Dekkend schilderwerk op houten buitendeuren (20m2) | F68: B | G68: Afbladderen (1e etage) | H68: 3 | I68: 2 | J68: 3 | K68: x
A69: 462030 | B69: Schilderwerk; hout; binnen; dekkend (m2) | C69: Dekkend schilderwerk op houten binnenkozijnen (dubbelzijdig) (572m2) | D69: 598 | E69: m2 | F69: B | G69: Beschadigingen | H69: 3 | I69: 1 | J69: 1
C70: Dekkend schilderwerk op houten plinten (6m2) | F70: B
C71: Dekkend schilderwerk op houten radiatoraftimmering (4m2) | F71: B
C72: Dekkend schilderwerk op multiplex wandafwerking (8m2) | F72: B
C73: Dekkend schilderwerk op MDF venterbanken (8m2) | F73: B
C74: Dekkend schilderwerk op houten kozijnen, binnen- buiten (238m2) | D74: 258 | E74: m2 | F74: B | G74: Beschadigingen | H74: 3 | I74: 1 | J74: 1
C75: Dekkend schilderwerk op houten buitendeuren, binnen- buiten (20m2) | F75: B
C76: Blanke lak op glaslatten houten binnnendeuren (5m2) | D76: 23 | E76: m2 | F76: B | G76: Beschadigingen | H76: 3 | I76: 1 | J76: 1
C77: Blanke lak op glaslatten houten plinten (18m2) | F77: B
A78: 462050 | B78: Schilderwerk ; steenachtig; binnen (m2) | C78: Sauswerk op scanbehang (1080m2) | D78: 1110 | E78: m2 | F78: B | G78: Beschadigingen | H78: 3 | I78: 1 | J78: 1
C79: Sauswerk op gipsplatenplafond (30m2) | F79: B
A80: 47 | B80: BITUMINEUZE DAKBEDEKKING
A81: 471110 | B81: Dakbedekking bitumen, baanvormig | C81: Bitumineuze dakbedekking met grindballast (3560m2) | D81: 794 | E81: m2 | F81: B | G81: Ververing (incidenteel lekkageherstel waargenomen) | H81: 2 | I81: 5 | J81: 4 | K81: x
C82: Bitumineuze dakbedekking met leislag (470m2) | F82: B
A83: 471128 | B83: Dakaansluiting lood | C83: Loodslabben langs platte daken | D83: 24 | E83: m1 | F83: B | G83: Verwering (incidenteel thermische breuk) | H83: 2 | I83: 5 | J83: 4 | K83: x
A84: 71 | B84: VASTE VERKEERSVOORZIENINGEN
A85: 712010 | B85: Postkasten | C85: Gemoffelde stalen postkast t.p.v. hoofdentree | D85: 1 | E85: st | F85: B | G85: Verval (en corrosie t.p.v. grond) | H85: 2 | I85: 5 | J85: 4 | K85: x
A86: 74 | B86: VASTE SANITAIRE VOORZIENINGEN
A87: 741110 | B87: Toiletten | C87: Keramische toiletpotten | D87: 11 | E87: st | F87: B | G87: Verval | H87: 1 | I87: 4 | J87: 2
A88: 741130 | B88: Wastafels | C88: Keramische wastafel | D88: 7 | E88: st | F88: B | G88: Verval | H88: 1 | I88: 4 | J88: 2
A89: 90 | B89: TERREIN
A90: 903010 | B90: Hekwerk spijlen | C90: Gemoffelde verzinkt spijlenhekken met 2 poortdeuren speelplaats | D90: 70 | E90: m2 | F90: B | G90: Aantasting afwerklaag | H90: 3 | I90: 3 | J90: 3 | K90: x
N91: =SUM(N14:N90) -> 0 | O91: =SUM(O14:O90) -> 0 | P91: =SUM(P14:P90) -> 0 | Q91: =SUM(Q14:Q90) -> 0 | R91: =SUM(R14:R90) -> 0 | S91: =SUM(S14:S90) -> 0 | T91: =SUM(N91:S91) -> 0

Sheet 8. KDV-Installaties
A2: ASSETLIJST VU KINDERDAGVERBLIJF - INSTALLATIES
A4: BVO: | B4: 1115 m2/bvo
A5: Object: | B5: Kinderdagverblijf VU Amsterdam
A6: Bouwlagen | B6: 2 stuks | T6: Inschrijver mag naar eigen inzicht activiteiten aanpassen, door middel van het leggen van de link met de prerstatieonderhoudsniveaus. Uiteindelijk dient er doelmatig onderhoud gepleegd te worden. De keuzes hierin dienen uitgelegd te worden in het Plan van Aanpak MJOP.
A7: Datum | B7: 43577
A8: Bouwjaar | B8: 1996
T12: Activiteit | U12: Opmerking | V12: Prijs | AB12: Totaal
A13: NL/Sfb code | B13: Huurder (H)/Verhuurder(V) | C13: Omschrijving | D13: TECHNISCHE STICKER | E13: Installatie gegevens | F13: Aantal | G13: Eenheid | H13: Bouwjaar | I13: Verdieping | J13: Ruimtenummer | K13: capaciteit | L13: eenheid | M13: Cylcus bouwdeel | N13: Discipline | O13: Gebrek | P13: Intensiteit | Q13: Omvang | R13: Cvo | S13: Starjaar 2020 | V13: 2020 | W13: 2021 | X13: 2022 | Y13: 2023 | Z13: 2024 | AA13: 2025 | AB13: 6 jaar
A14: 1- | C14: Bouwkundig
A15: 3- | C15: Inrichting
A16: 5- | C16: Werktuigbouwkundig
B17: V | C17: Alg. en install. incidenteel periodiek onderhoud / klachtenonderhoud | F17: 1115 | G17: m2 BVO | M17: 1
B18: V | C18: Alg. periodiek incidenteel OH WET en regelinstall. | F18: 1115 | G18: m2 BVO | M18: 1
A19: 51 | C19: WARMTEOPWEKKING
A20: 513110 | B20: V | C20: TA , stadsverwarming | D20: 47K00004 | E20: TA , stadsverwarming | F20: 1 | G20: st | H20: 1996 | I20: Begane grond | J20: 0.19 | M20: 25 | N20: W | O20: Verval | P20: 2 | Q20: 5 | R20: 3
A21: 513110 | B21: V | C21: TA , stadsverwarming - ACVAT12SQL 35 | E21: Siemens | F21: 1 | G21: st | H21: 1996 | I21: Begane grond | J21: 0.19 | M21: 25 | N21: W | O21: Verval | P21: 2 | Q21: 5 | R21: 3
A22: 52 | C22: AFVOEREN
A23: 521110 | B23: V | C23: HWA - vrijverval. | E23: Pluvia systeem | F23: 4 | G23: st | H23: 1996 | I23: Daken | J23: Daken | M23: 20 | N23: W | O23: Vervuiling | P23: 3 | Q23: 2 | R23: 2 | S23: x
A24: 521120 | B24: V | C24: VWA systeem | E24: n.v.t. | F24: 1 | G24: post | H24: 1996 | I24: Gebouw | J24: Gebouw | K24: 1115 | L24: M2/BVO | M24: 50 | N24: W | R24: 1
A25: 53 | C25: WATER
A26: 531000 | B26: V | C26: Leidingwerk incl. appendages | F26: 1 | G26: post | H26: 1996 | I26: Gebouw | J26: Gebouw | K26: 1115 | L26: M2/BVO | M26: 50 | N26: W | R26: 1
A27: 532120 | B27: V | C27: Boiler | E27: Daalderop | F27: 1 | G27: st | H27: 1996 | I27: Begane grond | J27: 0.20 | K27: 150 | L27: liter | M27: 15 | N27: W | O27: Verval | P27: 2 | Q27: 5 | R27: 3 | S27: x
A28: 54 | C28: GASSEN
A29: 540000 | B29: V | C29: Leidingwerk incl appendages | F29: 1 | G29: post | H29: 1996 | I29: Gebouw | J29: Gebouw | K29: 1115 | L29: M2/BVO | M29: 50 | N29: W | R29: 1
A30: 55 | C30: KOUDEOPWEKKING
A31: 551200 | B31: V | C31: Split units | E31: Carrier 40 W / 82403530 / R410 A | F31: 8 | G31: St. | H31: 2008 | I31: Dak | J31: t.b.v. De 1e verdieping en de begane grond | K31: 40 | L31: W | M31: 17 | N31: W | O31: Verval | P31: 1 | Q31: 4 | R31: 2
A32: 551200 | B32: V | C32: Split units | E32: Mitsubitsi Invest R410A / 0,75 kg / nr. K91005 -11405 | F32: 2 | G32: st | H32: 2011 | I32: Dak | J32: t.b.v. De 1e verdieping en de begane grond | M32: 17 | N32: W | O32: Verval | P32: 1 | Q32: 4 | R32: 2
A33: 56 | C33: WARMTEDISTRIBUTIE
A34: 560000 | B34: V | C34: Leidingwerk incl appendages | F34: 1 | G34: post | H34: 1996 | I34: Gebouw | J34: Gebouw | K34: 1115 | L34: M2/BVO | M34: 50 | N34: W | R34: 1
A35: 561020 | B35: V | C35: Aanvoer-retourverdeler | E35: Pomp Grundfos UPE 32 - 120 / K100RDCP8 | F35: 1 | G35: st | H35: 1996 | I35: Begane grond | J35: 0.19 | M35: 25 | N35: W | O35: Verval | P35: 2 | Q35: 5 | R35: 3
A36: 561020 | B36: V | C36: Aanvoer-retourverdeler | E36: Pomp Grundfos Alpha 2 / 25 - 40 | F36: 1 | G36: st | H36: 1996 | I36: Begane grond | J36: 0.19 | M36: 25 | N36: W | O36: Verval | P36: 2 | Q36: 5 | R36: 3
A37: 561300 | B37: V | C37: Vloerverwarming smoorklep | E37: 120011N /12- 2 | F37: 1 | G37: st | H37: 1996 | M37: 25 | N37: W | O37: verval | P37: 2 | Q37: 5 | R37: 3
A38: 561110 | B38: V | C38: Radiatoren (+ leidingen) | F38: 30 | G38: st | H38: 1996 | I38: Gebouw | J38: Gebouw | K38: 1115 | L38: M2/BVO | M38: 30 | N38: W | O38: Verval | P38: 1 | Q38: 4 | R38: 2
A39: 561300 | B39: V | C39: Vloerverwarming | F39: 13 | G39: groepen | H39: 1996 | I39: Gebouw | J39: Gebouw | K39: 1115 | L39: M2/BVO | M39: 50 | N39: W | R39: 1
A40: 57 | C40: LUCHTBEHANDELING
A41: 572100 | B41: V | C41: Dakafzuigventilator diverse ruimten | E41: Holland Heating / 1998 - 0145 - HCDA110 | F41: 2 | G41: st | H41: 1996 | I41: Dak | J41: Hoogste dak | K41: 0.222 | L41: m3/sec | M41: 30 | N41: W | O41: Verval | P41: 2 | Q41: 5 | R41: 3
A42: 572100 | B42: V | C42: dakafzuigventilator diverse ruimten | D42: 45KI00001 | E42: Holland Heating / HCDA 122 - 97 - 145 | F42: 1 | G42: st | H42: 1996 | I42: Dak | J42: Dak | K42: 0.33 | L42: m3/sec | M42: 30 | N42: W | O42: Verval | P42: 2 | Q42: 5 | R42: 3
A43: 58 | C43: REGELING KLIMAAT EN SANITAIR
A44: 580000 | B44: V | C44: Regeltechniek algemeen | E44: Siemens - GBS | F44: 1 | G44: post | H44: 1998 | I44: Gebouw | J44: Gebouw | K44: 1115 | L44: M2/BVO | M44: 15 | N44: E | O44: Verval | P44: 2 | Q44: 5 | R44: 3
A45: 580000 | B45: V | C45: Warmtemeter | E45: Landis Gyr, type WSD5-6.00 S6 | F45: 1 | G45: st | H45: 1996 | I45: begane grond | J45: 0.19 | M45: 15 | N45: E | O45: Verval | P45: 2 | Q45: 5 | R45: 3
A46: 582010 | B46: V | C46: Regelkasten | E46: Siemens | F46: 26 | G46: stuks | H46: 2009 | I46: Gebouw | J46: Gebouw | K46: 1115 | L46: M2/BVO | M46: 30 | N46: E | O46: Verval | P46: 1 | Q46: 4 | R46: 3
A47: 6- | C47: Elektrotechnisch
A48: 61 | C48: CENTRALE ELEKTROTECHNISCHE VOORZIENINGEN
A49: 612100 | B49: V | C49: Veiligheidsaarding, hoofdaardrail | F49: 1 | G49: post | H49: 1996 | M49: 50 | N49: E | R49: 1
A50: 613210 | B50: V | C50: Kabelgoten | F50: 1 | G50: post | H50: 1996 | I50: Gebouw | J50: Gebouw | K50: 1115 | L50: M2/BVO | M50: 50 | N50: E | R50: 1
A51: 613210 | B51: V | C51: Kabelladders | F51: 1 | G51: post | H51: 1996 | I51: Gebouw | J51: Gebouw | K51: 1115 | L51: M2/BVO | M51: 50 | N51: E | R51: 1
A52: 615120 | B52: V | C52: Laagspanningshoofdverdeler, HLK-E23 | E52: 45 groepen | F52: 1 | G52: st | H52: 1996 / 2012 | I52: Begane grond | J52: 0.19 | L52: A | M52: 35 | N52: E | R52: 1
A53: 615120 | B53: V | C53: Power suply | E53: ST 2000 -0 2 amp - 12 volt | F53: 1 | G53: st | I53: Begane grond | J53: 0.19 | K53: 12 | L53: volt | M53: 12 | N53: E | R53: 1
A54: 62 | C54: KRACHT
A55: 620000 | B55: V | C55: Wandcontactdozen | E55: n.v.t. | F55: 1 | G55: post | H55: 1996 | I55: Gebouw | J55: Gebouw | K55: 1115 | L55: M2/BVO | M55: 50 | N55: E | R55: 1
A56: 620000 | B56: V | C56: Aansluitpunten | E56: n.v.t. | F56: 1 | G56: post | H56: 1996 | I56: Gebouw | J56: Gebouw | K56: 1115 | L56: M2/BVO | M56: 50 | N56: E | R56: 1
A57: 63 | C57: VERLICHTING
A58: 631130 | B58: V | C58: Verlichtingsarmatuur TL-5 | E58: dubbele armaturen | F58: 75 | G58: st | H58: 1996 | I58: Gebouw | J58: Gebouw | M58: 20 | N58: E | O58: Verval | P58: 2 | Q58: 5 | R58: 4 | S58: x
A59: 631130 | B59: V | C59: Verlichtingsarmatuur PL | E59: spots | F59: 86 | G59: st | H59: 1996 | I59: Gebouw | J59: Gebouw | M59: 20 | N59: E | O59: Verval | P59: 2 | Q59: 5 | R59: 4 | S59: x
A60: 631130 | B60: V | C60: Verlichtingsarmatuur TL-D | E60: Philips TL - D / enkel | F60: 4 | G60: st | H60: 1996 | I60: Gebouw | J60: Gebouw | M60: 20 | N60: E | O60: Verval | P60: 2 | Q60: 5 | R60: 4 | S60: x
A61: 631130 | B61: V | C61: Buiten - gevelarmaturen | F61: 3 | G61: st | H61: 1996 | I61: Gebouw | J61: Gebouw | M61: 20 | N61: E | O61: Verval | P61: 2 | Q61: 5 | R61: 4 | S61: x
A62: 631130 | B62: V | C62: Spots onder de luifel | F62: 4 | G62: st | H62: 1996 | I62: Gebouw | J62: Entree | M62: 50 | N62: E | O62: Verval | P62: 2 | Q62: 5 | R62: 4 | S62: x
A63: 632410 | B63: V | C63: Algemene noodverlichting decentraal | F63: 9 | G63: st | H63: 2012 | I63: Gebouw | J63: Gebouw | M63: 15 | N63: E | O63: Verval | P63: 1 | Q63: 4 | R63: 2
A64: 632410 | B64: V | C64: Vluchtroute noodverlichting | F64: 16 | G64: st | H64: 2012 | I64: Gebouw | J64: Gebouw | M64: 15 | N64: E | O64: Verval | P64: 1 | Q64: 4 | R64: 2
A65: 65 | C65: BEVEILIGING
A66: 651301 | B66: V | C66: Brandslanghaspels, in haspelkast | E66: Ajax - 20 meter | F66: 3 | G66: st | H66: 1996 | I66: Gebouw | J66: Gebouw | K66: 20 | L66: m1 | M66: 20 | N66: W | O66: Verval | P66: 2 | Q66: 5 | R66: 4 | S66: x
V67: =SUM(V14:V66) -> 0 | W67: =SUM(W14:W66) -> 0 | X67: =SUM(X14:X66) -> 0 | Y67: =SUM(Y14:Y66) -> 0 | Z67: =SUM(Z14:Z66) -> 0 | AA67: =SUM(AA14:AA66) -> 0 | AB67: =SUM(V67:AA67) -> 0
